Workbook

Sheet CONTRATO 
C1: MEDELLIN | F1: CENTRO DE DIAGNOSTICO AUTOMOTOR AUTOFULL SAS
A2: Item | B2: Código UNSPSC | C2: Descripción | D2: Cantidad | E2: Unidad | F2: Valor unitario | G2: Valor total | I2: ASIGNADO | J2: 167469873
C3: VEHICULOS PARTICULARES | F3: INCLUIDO VALOR BASE + IVA + RUNT + SICOV + IVA + RECAUDO+ IVA + ANSV | I3: CONTRATADO INCLUIDO MODIFICATORIO 1 | J3: =+G37 -> 127640134
C4: MOTOCICLETAS | J4: =J2-G37 -> 39829739
A5: 1 | B5: 78181505 | C5: Revisión técnico mecánica motos con RUNT Modelo 2018 a 2022 | D5: 120 | E5: UN | F5: 204789 | G5: =F5*D5 -> 24574680
A6: 2 | B6: 78181505 | C6: Revisión técnico mecánica motos con RUNT Modelo 2009 a 2017 | D6: 51 | E6: UN | F6: 205089 | G6: =F6*D6 -> 10459539
C7: LIVIANOS
A8: 3 | B8: 78181505 | C8: Revisión técnico mecánica vehiculo liviano particular con RUNT Modelo 2018 a 2022 | D8: 12 | E8: UN | F8: 299868 | G8: =F8*D8 -> 3598416
A9: 4 | B9: 78181505 | C9: Revisión técnico mecánica vehiculo liviano particular con RUNT Modelo 2009 a 2017 | D9: 51 | E9: UN | F9: 300168 | G9: =F9*D9 -> 15308568
A10: 5 | B10: 78181505 | C10: Revisión técnico mecánica vehiculo liviano particular con RUNT Modelo 2008 y anteriores | D10: 5 | E10: UN | F10: 299868 | G10: =F10*D10 -> 1499340
C11: PESADOS
A12: 6 | B12: 78181505 | C12: Revisión técnico mecánica vehiculo pesado particular con RUNT Modelo 2018 a 2022 | D12: 8 | E12: UN | F12: 451683 | G12: =F12*D12 -> 3613464
A13: 7 | B13: 78181505 | C13: Revisión técnico mecánica vehiculo pesado particular con RUNT Modelo 2009 a 2017 | D13: 32 | E13: UN | F13: 451883 | G13: =F13*D13 -> 14460256
A14: 8 | B14: 78181505 | C14: Revisión técnico mecánica vehiculo pesado particular con RUNT Modelo 2008 y anteriores | D14: 30 | E14: UN | F14: 451683 | G14: =F14*D14 -> 13550490
C15: VEHICULOS SERVICIO PUBLICO
C16: PESADOS
A17: 9 | B17: 78181505 | C17: Revisión técnico mecánica vehiculo pesado público con RUNT Modelo 2009 a 2017 | D17: 22 | E17: UN | F17: 451383 | G17: =F17*D17 -> 9930426
A18: 10 | B18: 78181505 | C18: Revisión técnico mecánica vehiculo pesado público con RUNT Modelo 2008 y anteriores | D18: 15 | E18: UN | F18: 451183 | G18: =F18*D18 -> 6767745
C19: TOTAL MEDELLIN | G19: =SUM(G5:G18) -> 103762924
C20: PUERTO BERRIO | F20: CENTRO DE DIAGNOSTICO AUTOMOTOR AUTOFULL SAS
A21: Item | B21: Código UNSPSC | C21: Descripción | D21: Cantidad | E21: Unidad | F21: Valor unitario | G21: Valor total
C22: VEHICULOS PARTICULARES | F22: INCLUIDO VALOR BASE + IVA + RUNT + SICOV + IVA + RECAUDO+ IVA + ANSV
C23: MOTOCICLETAS
A24: 2 | B24: 78181505 | C24: Revisión técnico mecánica motos con RUNT Modelo 2018 a 2022 | D24: 8 | E24: UN | F24: 204789 | G24: =F24*D24 -> 1638312
A25: 3 | B25: 78181505 | C25: Revisión técnico mecánica motos con RUNT Modelo 2009 a 2017 | D25: 5 | E25: UN | F25: 205089 | G25: =F25*D25 -> 1025445
C26: LIVIANOS
A27: 7 | B27: 78181505 | C27: Revisión técnico mecánica vehiculo liviano particular con RUNT Modelo 2009 a 2017 | D27: 10 | E27: UN | F27: 300168 | G27: =F27*D27 -> 3001680
A28: 8 | B28: 78181505 | C28: Revisión técnico mecánica vehiculo liviano particular con RUNT Modelo 2008 y anteriores | D28: 2 | E28: UN | F28: 299868 | G28: =F28*D28 -> 599736
C29: PESADOS
A30: 11 | B30: 78181505 | C30: Revisión técnico mecánica vehiculo pesado particular con RUNT Modelo 2009 a 2017 | D30: 15 | E30: UN | F30: 451883 | G30: =F30*D30 -> 6778245
A31: 12 | B31: 78181505 | C31: Revisión técnico mecánica vehiculo pesado particular con RUNT Modelo 2008 y anteriores | D31: 8 | E31: UN | F31: 451683 | G31: =F31*D31 -> 3613464
C32: VEHICULOS SERVICIO PUBLICO
C33: PESADOS
A34: 19 | B34: 78181505 | C34: Revisión técnico mecánica vehiculo pesado público con RUNT Modelo 2009 a 2017 | D34: 7 | E34: UN | F34: 451383 | G34: =F34*D34 -> 3159681
A35: 20 | B35: 78181505 | C35: Revisión técnico mecánica vehiculo pesado público con RUNT Modelo 2008 y anteriores | D35: 9 | E35: UN | F35: 451183 | G35: =F35*D35 -> 4060647
C36: TOTAL PUERTO BERRIO | G36: =SUM(G24:G35) -> 23877210
C37: TOTAL CONTRATO | G37: =G36+G19 -> 127640134

Sheet GRUPO UNO
A1: CUARTA BRIGADA | O1: 55 | P1: 32 | Q1: Revisión técnico mecánica vehiculo pesado particular con RUNT Modelo 2009 a 2017
A3: MODELO | B3: FECHA DE VENCIMIENTO | C3: TIPO DE VEHICULO | D3: PLACA MILITAR | E3: PLACA CIVIL | F3: PLACA AMARILLA (particular) | G3: PLACA BLANCA (publico) | H3: CENTRO DE COSTO | I3: No. ACTIVO FIJO | J3: No. INVENTARIO | K3: PRESUPUESTO ASIGNADO | L3: PRESUPUESTO A COMPROMETER | M3: EXCEDENTE Y/O FALTANTE
A4: 2013 | B4: 45963 | C4: CAMIONETA - HILUX 4X4, TOYOTA | D4: C13744 | E4: GAL059 | F4: x | H4: 3M2H161220 | I4: 167500000733 | J4: 8004030000000000002220906 | K4: 350125 | L4: 300168 | M4: =+K4-L4 -> 49957
A5: 2020 | B5: 45957 | C5: MOTOCICLETA - DR-X SUZUKI | D5: F20076 | E5: BLN99F | F5: x | H5: 3M2H161359 | I5: 167500001331 | J5: 8004030000000000002718147 | K5: 233529 | L5: 204789 | M5: =+K5-L5 -> 28740
A6: 2020 | B6: 45912 | C6: MOTOCICLETA - DR-X SUZUKI | D6: F20077 | E6: BLO90F | F6: x | H6: 3M2H161360 | I6: 167500001332 | J6: 8004030000000000002718148 | K6: 233529 | L6: 204789 | M6: =+K6-L6 -> 28740
A7: 2014 | B7: 45957 | C7: MOTOCICLETA - XTZ250 YAMAHA | D7: F14342 | E7: NGF02C | F7: x | H7: 3M2H161218 | I7: 167500000731 | J7: 8004030000000000002220751 | K7: 233529 | L7: 205089 | M7: =+K7-L7 -> 28440
A8: 2014 | B8: 45948 | C8: MOTOCICLETA - XTZ250, YAMAHA | D8: F14344 | E8: NGF04C | F8: x | H8: 3M2H161211 | I8: 167500000724 | J8: 8004030000000000002220757 | K8: 233529 | L8: 205089 | M8: =+K8-L8 -> 28440
A9: 2014 | B9: 45957 | C9: MOTOCICLETA - XTZ250, YAMAHA | D9: F14345 | E9: NGF05C | F9: x | H9: 3M2H161216 | I9: 167500000729 | J9: 8004030000000000002220752 | K9: 233529 | L9: 205089 | M9: =+K9-L9 -> 28440
A10: 2014 | B10: 45948 | C10: MOTOCICLETA - XTZ250, YAMAHA | D10: F14349 | E10: NGF09C | F10: x | H10: 3M2H161210 | I10: 167500000723 | J10: 8004030000000000002220756 | K10: 233529 | L10: 205089 | M10: =+K10-L10 -> 28440
A11: 2014 | B11: 45957 | C11: MOTOCICLETA - XTZ250, YAMAHA | D11: F14350 | E11: NGF10C | F11: x | H11: 3M2H161212 | I11: 167500000725 | J11: 8004030000000000002220759 | K11: 233529 | L11: 205089 | M11: =+K11-L11 -> 28440
A12: 2014 | B12: 45951 | C12: MOTOCICLETA - XTZ250, YAMAHA | D12: F14351 | E12: NGF11C | F12: x | H12: 3M2H161215 | I12: 167500000728 | J12: 8004030000000000002220758 | K12: 233529 | L12: 205089 | M12: =+K12-L12 -> 28440
A13: 2018 | B13: 45948 | C13: MOTOCICLETA - XTZ250, YAMAHA | D13: F18280 | E13: VMU93E | F13: x | H13: 3M2H161361 | I13: 167500001302 | J13: 8004030000000000002719812 | K13: 233529 | L13: 204789 | M13: =+K13-L13 -> 28740
A14: 2013 | B14: 45957 | C14: MOTOCICLETA - ECO DELUXE ES, HONDA | D14: F13696 | E14: CHV40C | F14: x | H14: 3M2H161150 | I14: 167500000555 | J14: 8004030000000000001985282 | K14: 233529 | L14: 205089 | M14: =+K14-L14 -> 28440
A15: 2005 | B15: 45964 | C15: CAMION 3 A 7 TON, NPR CHEVROLET | D15: K05294 | E15: TPR010 | G15: x | H15: 3M2H160860 | I15: 167500000148 | J15: 8004030000000000000094513 | K15: 536364 | L15: 451183 | M15: =+K15-L15 -> 85181
A16: 2005 | B16: 45942 | C16: CAMION 3 A 7 TON, NPR CHEVROLET | D16: K05295 | E16: TPR014 | G16: x | H16: 3M2H160861 | I16: 167500000149 | J16: 8004030000000000000094522 | K16: 536364 | L16: 451183 | M16: =+K16-L16 -> 85181
A17: 2005 | B17: 45971 | C17: CAMION 3 A 7 TON, NPR CHEVROLET | D17: K05296 | E17: UAM810 | G17: x | H17: 3M2H160862 | I17: 167500000150 | J17: 8004030000000000000372996 | K17: 536364 | L17: 451183 | M17: =+K17-L17 -> 85181
A18: 2005 | B18: 45990 | C18: CAMION 3 A 7 TON, NPR CHEVROLET | D18: K05297 | E18: UAM811 | G18: x | H18: 3M2H160863 | I18: 167500000151 | J18: 8004030000000000000375384 | K18: 536364 | L18: 451183 | M18: =+K18-L18 -> 85181
A19: 2005 | B19: 45948 | C19: CAMION 3 A 7 TON, NPR CHEVROLET | D19: K05301 | E19: UYR006 | G19: x | H19: 3M2H160867 | I19: 167500000155 | J19: 8004030000000000000373024 | K19: 536364 | L19: 451183 | M19: =+K19-L19 -> 85181
A20: 2005 | B20: 45996 | C20: CAMION 3 A 7 TON, NPR CHEVROLET | D20: K05303 | E20: VCF115 | G20: x | H20: 3M2H160869 | I20: 167500000157 | J20: 8004030000000000000085635 | K20: 536364 | L20: 451183 | M20: =+K20-L20 -> 85181
A21: BAEEV 4 | K21: =SUM(K4:K20) -> 5903599 | L21: =SUM(L4:L20) -> 5057256 | M21: =SUM(M4:M20) -> 846343
A22: MODELO | B22: FECHA DE VENCIMIENTO | C22: TIPO DE VEHICULO | D22: PLACA MILITAR | E22: PLACA CIVIL | F22: PLACA AMARILLA (particular) | G22: PLACA BLANCA (publico) | H22: CENTRO DE COSTO | I22: No. ACTIVO FIJO | J22: No. INVENTARIO | K22: VALOR | M22: EXCEDENTE Y/O FALTANTE
A23: 2003 | B23: 45942 | C23: CAMION KODIAK | D23: N03381 | E23: AUS036 | F23: X | H23: 3M2H160895 | I23: 167500000180 | J23: 8004030000000000000086136 | K23: 536364 | L23: 451683 | M23: =+K23-L23 -> 84681
A24: 2001 | B24: 45938 | C24: CAMION KODIAK | D24: N01044 | E24: SHI170 | F24: X | H24: 3M2H161257 | I24: 167500000817 | J24: 8004030000000000000207468 | K24: 536364 | L24: 451683 | M24: =+K24-L24 -> 84681
A25: 1998 | B25: 45857 | C25: CAMION KODIAK | D25: N98291 | E25: OMK341 | F25: X | H25: 3M2H160897 | I25: 167500000165 | J25: 8004030000000000000094957 | K25: 536364 | L25: 451683 | M25: =+K25-L25 -> 84681
A26: 2008 | B26: N/A | C26: CAMION KODIAK | D26: N08309 | E26: UTX037 | F26: X | H26: 3M2H160896 | I26: 167500000229 | J26: 8004030000000000000559899 | K26: 536364 | L26: 451683 | M26: =+K26-L26 -> 84681
A27: 2008 | B27: 45979 | C27: CAMIONETA LUV D' MAX | D27: C08079 | E27: QYA609 | F27: X | H27: 3M2H160885 | I27: 167500000218 | J27: 8004030000000000000440248 | K27: 350125 | L27: 299868 | M27: =+K27-L27 -> 50257
A28: 2014 | B28: 45974 | C28: CAMIONETA LUV D' MAX | D28: C14632 | E28: DIW975 | F28: X | H28: 3M2H161190 | I28: 167500000669 | J28: 8004030000000000002113994 | K28: 350125 | L28: 300168 | M28: =+K28-L28 -> 49957
A29: 2014 | B29: 45983 | C29: CAMIONETA LUV D' MAX | D29: C14631 | E29: DIW974 | F29: X | H29: 3M2H161191 | I29: 167500000670 | J29: 8004030000000000002113995 | K29: 350125 | L29: 300168 | M29: =+K29-L29 -> 49957
A30: 2010 | B30: 45966 | C30: CAMION NPR | D30: K10053 | E30: UIP143 | F30: X | H30: 3M2H160892 | I30: 167500000280 | J30: 8004030000000000001091384 | K30: 536364 | L30: 451883 | M30: =+K30-L30 -> 84481
A31: 2010 | B31: 45987 | C31: CAMION NPR | D31: K10054 | E31: UZQ132 | F31: X | H31: 3M2H160888 | I31: 167500000281 | J31: 8004030000000000001091385 | K31: 536364 | L31: 451883 | M31: =+K31-L31 -> 84481
A32: 2003 | B32: 45975 | C32: CAMION NPR | D32: K03158 | E32: KGJ683 | F32: X | H32: 3M2H160889 | I32: 167500000233 | J32: 8004030000000000000793581 | K32: 536364 | L32: 451683 | M32: =+K32-L32 -> 84681
A33: 2003 | B33: 45966 | C33: CAMION NPR | D33: K03160 | E33: LHA661 | F33: X | H33: 3M2H160890 | I33: 167500000234 | J33: 8004030000000000000793582 | K33: 536364 | L33: 451683 | M33: =+K33-L33 -> 84681
A34: 2014 | B34: 45912 | C34: CAMION NPR | D34: K14628 | E34: NDC761 | F34: X | H34: 3M2H161194 | I34: 167500000674 | J34: 8004030000000000002113999 | K34: 536364 | L34: 451883 | M34: =+K34-L34 -> 84481
A35: 2014 | B35: 45923 | C35: CAMION NPR | D35: K14629 | E35: NDC762 | F35: X | H35: 3M2H161192 | I35: 167500000672 | J35: 8004030000000000002113997 | K35: 536364 | L35: 451883 | M35: =+K35-L35 -> 84481
A36: 2014 | B36: 45955 | C36: CAMION NPR | D36: K14627 | E36: NDC760 | F36: X | H36: 3M2H161193 | I36: 167500000673 | J36: 8004030000000000002113998 | K36: 536364 | L36: 451883 | M36: =+K36-L36 -> 84481
A37: 2018 | B37: 45980 | C37: MOTOCICLETA XTZ250 | D37: F18299 | E37: VMU97E | F37: X | H37: 3M2H04109 | I37: 167500001433 | J37: 8004030000000000002821367 | K37: 233529 | L37: 204789 | M37: =+K37-L37 -> 28740
A38: 2018 | B38: 05/112025 | C38: MOTOCICLETA XTZ250 | D38: F18296 | E38: VMU84E | F38: X | H38: 3M2H04106 | I38: 167500001430 | J38: 8004030000000000002821364 | K38: 233529 | L38: 204789 | M38: =+K38-L38 -> 28740
A39: 2018 | B39: 45980 | C39: MOTOCICLETA XTZ250 | D39: F18298 | E39: VMU86E | F39: X | H39: 3M2H04108 | I39: 167500001432 | J39: 8004030000000000002821366 | K39: 233529 | L39: 204789 | M39: =+K39-L39 -> 28740
A40: 2018 | B40: 45980 | C40: MOTOCICLETA XTZ250 | D40: F18297 | E40: VMU85E | F40: X | H40: 3M2H04107 | I40: 167500001431 | J40: 8004030000000000002821365 | K40: 233529 | L40: 204789 | M40: =+K40-L40 -> 28740
A41: 2017 | B41: 45987 | C41: MOTOCICLETA XTZ250 | D41: F17223 | E41: RVH35D | F41: X | H41: 3M2H04100 | I41: 167500000886 | J41: 8004030000000000002524396 | K41: 233529 | L41: 205089 | M41: =+K41-L41 -> 28440
A42: 2017 | B42: 45841 | C42: MOTOCICLETA XTZ250 | D42: F17219 | E42: RVH39D | F42: X | H42: 3M2H04104 | I42: 167500000882 | J42: 8004030000000000002524392 | K42: 233529 | L42: 205089 | M42: =+K42-L42 -> 28440
A43: BAACA 4 | K43: =SUM(K23:K42) -> 8351553 | L43: =SUM(L23:L42) -> 7099051 | M43: =SUM(M23:M42) -> 1252502
A44: MODELO | B44: FECHA DE VENCIMIENTO | C44: TIPO DE VEHICULO | D44: PLACA MILITAR | E44: PLACA CIVIL | F44: PLACA AMARILLA (particular) | G44: PLACA BLANCA (publico) | H44: CENTRO DE COSTO | I44: No. ACTIVO FIJO | J44: No. INVENTARIO | K44: VALOR | M44: EXCEDENTE Y/O FALTANTE
A45: 2008 | B45: 45984 | C45: CAMION CHEVROLET KODIAK | D45: N08140 | E45: YHO001 | G45: x | H45: 3M2H161098 | I45: 16750000O222 | J45: 8004030000000000000077885 | K45: 536364 | L45: 451183 | M45: =+K45-L45 -> 85181
A46: 1998 | B46: 45723 | C46: CAMION CHEVROLET KODIAK | D46: N98283 | E46: LHA625 | F46: x | H46: 3M2H161093 | I46: 167500000121 | J46: 8004030000000000000371466 | K46: 536364 | L46: 451683 | M46: =+K46-L46 -> 84681
A47: 2008 | B47: 45920 | C47: CAMION CHEVROLET NPR | D47: K08183 | E47: VZD016 | G47: x | H47: 3M2H160983 | I47: 167500000223 | J47: 8004030000000000000447456 | K47: 536364 | L47: 451183 | M47: =+K47-L47 -> 85181
A48: 2010 | B48: 45990 | C48: CAMION CHEVROLET NPR | D48: K10156 | E48: CES581 | F48: x | H48: 3M2H161108 | I48: 16750000O276 | J48: 8004030000000000001091528 | K48: 536364 | L48: 451883 | M48: =+K48-L48 -> 84481
A49: 2010 | B49: 45980 | C49: CAMIONETA TOYOTA HILUX 4X4 | D49: C10746 | E49: HCD960 | F49: x | H49: 3M2H160902 | I49: 1675000O1295 | J49: 8004030000000000001520940 | K49: 350125 | L49: 300168 | M49: =+K49-L49 -> 49957
A50: 2015 | B50: 45912 | C50: CAMIONETA CHEVROLET LUV DIMAX | D50: C15684 | E50: GAW012 | F50: x | H50: 3M2H161249 | I50: 16750000O805 | J50: 8004030000000000002339354 | K50: 350125 | L50: 300168 | M50: =+K50-L50 -> 49957
A51: 2015 | B51: 45722 | C51: CAMIONETA CHEVROLET LUV DIMAX | D51: C15683 | E51: GAU099 | F51: x | H51: 3M2H161248 | I51: 167500000804 | J51: 8004030000000000002339353 | K51: 350125 | L51: 300168 | M51: =+K51-L51 -> 49957
A52: 2018 | B52: 45691 | C52: MOTOCICLETA YAMAHA XTZ250 | D52: F18309 | E52: MAI25F | F52: x | H52: 3M2H03010 | I52: 167500001455 | J52: 8004030000000000002842838 | K52: 233529 | L52: 204789 | M52: =+K52-L52 -> 28740
A53: 2018 | B53: 45783 | C53: MOTOCICLETA YAMAHA XTZ250 | D53: F18310 | E53: GBM50F | F53: x | H53: 3M2H03010 | I53: 167500001456 | J53: 8004030000000000002842839 | K53: 233529 | L53: 204789 | M53: =+K53-L53 -> 28740
A54: 2018 | B54: 45814 | C54: MOTOCICLETA YAMAHA XTZ250 | D54: F18311 | E54: CGN70F | F54: x | H54: 3M2H03010 | I54: 167500001457 | J54: 8004030000000000002842840 | K54: 233529 | L54: 204789 | M54: =+K54-L54 -> 28740
A55: BIGIR | K55: =SUM(K45:K54) -> 3896418 | L55: =SUM(L45:L54) -> 3320803 | M55: =SUM(M45:M54) -> 575615
A56: MODELO | B56: FECHA DE VENCIMIENTO | C56: TIPO DE VEHICULO | D56: PLACA MILITAR | E56: PLACA CIVIL | F56: PLACA AMARILLA (particular) | G56: PLACA BLANCA (publico) | H56: CENTRO DE COSTO | I56: No. ACTIVO FIJO | J56: No. INVENTARIO | K56: VALOR | M56: EXCEDENTE Y/O FALTANTE
A57: 2010 | B57: 45928 | C57: CAMION 3 A 7 TON CHEVROLET NPR | D57: EJC-K-10105 | E57: UZQ144 | G57: x | H57: 3M2H160968 | I57: 167500000282. | J57: 8004030000000000001091474. | K57: 536364 | L57: 451383 | M57: =+K57-L57 -> 84981
A58: 2008 | B58: 45928 | C58: CAMION 3 A 7 TON CHEVROLET NPR | D58: EJC-K-08173 | E58: VZD010 | G58: x | H58: 3M2H160966 | I58: 167500000225. | J58: 8004030000000000000546019. | K58: 536364 | L58: 451183 | M58: =+K58-L58 -> 85181
A59: 2010 | B59: 45928 | C59: CAMION 3 A 7 TON CHEVROLET NPR | D59: EJC-K-10104 | E59: UZQ143 | G59: x | H59: 3M2H160967 | I59: 167500000283. | J59: 8004030000000000001091473. | K59: 536364 | L59: 451383 | M59: =+K59-L59 -> 84981 | P59: VALOR SOLICITADO A REDUCIR
A60: 2006 | B60: 45581 | C60: CAMION 3 A 7 TON CHEVROLET NPR | D60: EJC-K-06207 | E60: OKA684 | F60: x | H60: 3M2H160965 | I60: 167500000194. | J60: 8004030000000000000382590. | L60: =+P61 -> 14361 | O60: 536364 | P60: 451683 | Q60: =+O60-P60 -> 84681
A61: 1998 | B61: 45928 | C61: CAMION 5 A 10 TN CHEVROLET KODIAK | D61: EJC-N-98289 | E61: SHI381 | G61: x | H61: 3M2H160969 | I61: 167500000061. | J61: 8004030000000000000091674. | K61: 536364 | L61: 451183 | M61: =+K61-L61 -> 85181 | N61: =SUM(M57:M64) -> 490195 | P61: =P60-P62 -> 14361 | Q61: Paso a BIDEH
A62: 2011 | B62: 45904 | C62: CAMIONETA (EJC) | D62: EJC-C-11601 | E62: HCD990 | F62: x | H62: 3M2H161132 | I62: 167500000475. | J62: 8004030000000000001864158. | K62: 350125 | L62: 300168 | M62: =+K62-L62 -> 49957 | P62: 437322 | Q62: VALOR REAL REDUCIDO DEL BIOSP
A63: 2011 | B63: 45904 | C63: AMBULANCIA CHEVROLET D MAX | D63: EJC-A-11201 | E63: HCD989 | F63: x | H63: 3M2H161131 | I63: 167500000474. | J63: 8004030000000000001864157. | K63: 350125 | L63: 300168 | M63: =+K63-L63 -> 49957
A64: 2009 | B64: 45986 | C64: AMBULANCIA CHEVROLET D MAX | D64: EJC-A-09170 | E64: ZJN150 | F64: x | H64: 3M2H160948 | I64: 167500000265. | J64: 8004030000000000000783597. | K64: 350125 | L64: 300168 | M64: =+K64-L64 -> 49957
A65: BIOSP | K65: =SUM(K57:K64) -> 3195831 | L65: =SUM(L57:L64) -> 2719997 | M65: =SUM(M57:M64) -> 490195
A66: MODELO | B66: FECHA DE VENCIMIENTO | C66: TIPO DE VEHICULO | D66: PLACA MILITAR | E66: PLACA CIVIL | F66: PLACA AMARILLA (particular) | G66: PLACA BLANCA (publico) | H66: CENTRO DE COSTO | I66: No. ACTIVO FIJO | J66: No. INVENTARIO | K66: VALOR | M66: EXCEDENTE Y/O FALTANTE
A67: 1998 | B67: 45955 | C67: CAMIÓN 7 A 12 TONELADAS (EJC) | D67: N98311 | E67: OMK320 | F67: X | H67: 3M2H160991 | I67: 167500000104 | J67: 8004030000000000000098666 | K67: 536364 | L67: 451683 | M67: =+K67-L67 -> 84681
A68: 2009 | B68: 45975 | C68: CAMIONETA (EJC) | D68: C09435 | E68: HCI110 | F68: X | H68: 3M2H160972 | I68: 167500000288 | J68: 8004030000000000001093976 | K68: 350125 | L68: 300168 | M68: =+K68-L68 -> 49957
A69: 2011 | B69: 45975 | C69: CAMIÓN 3 A 7 TONELADAS (EJC) | D69: K11090 | E69: WBC782 | G69: X | H69: 3M2H160987 | I69: 167500000468 | J69: 8004030000000000001746912 | K69: 536364 | L69: 451383 | M69: =+K69-L69 -> 84981
A70: 2018 | B70: 45955 | C70: MOTOCICLETA (EJC) | D70: F18141 | E70: OHW31E | F70: X | H70: 3M2H08312 | I70: 167500001011 | J70: 8004030000000000002616853 | K70: 233529 | L70: 204789 | M70: =+K70-L70 -> 28740
A71: 2018 | B71: 45975 | C71: MOTOCICLETA (EJC) | D71: F18142 | E71: OHW32E | F71: X | H71: 3M2H08313 | I71: 167500001012 | J71: 8004030000000000002616854 | K71: 233529 | L71: 204789 | M71: =+K71-L71 -> 28740
A72: 2018 | B72: 45955 | C72: MOTOCICLETA (EJC) | D72: F18143 | E72: OHW33E | F72: X | H72: 3M2H08314 | I72: 167500001013 | J72: 8004030000000000002616855 | K72: 233529 | L72: 204789 | M72: =+K72-L72 -> 28740
A73: 2018 | B73: 45955 | C73: MOTOCICLETA (EJC) | D73: F18144 | E73: OHW34E | F73: X | H73: 3M2H08315 | I73: 167500001014 | J73: 8004030000000000002616856 | K73: 233529 | L73: 204789 | M73: =+K73-L73 -> 28740
A74: 2018 | B74: 45955 | C74: MOTOCICLETA (EJC) | D74: F18145 | E74: OHW35E | F74: X | H74: 3M2H08316 | I74: 167500001015 | J74: 8004030000000000002616857 | K74: 233529 | L74: 204789 | M74: =+K74-L74 -> 28740
A75: 2018 | B75: 45974 | C75: MOTOCICLETA (EJC) | D75: F18146 | E75: OHW36E | F75: X | H75: 3M2H08317 | I75: 167500001016 | J75: 8004030000000000002616858 | K75: 233529 | L75: 204789 | M75: =+K75-L75 -> 28740
A76: 2018 | B76: 45955 | C76: MOTOCICLETA (EJC) | D76: F18170 | E76: VMX30E | F76: X | H76: 3M2H08320 | I76: 167500001251 | J76: 8004030000000000002606300 | K76: 233529 | L76: 204789 | M76: =+K76-L76 -> 28740
A77: BIPEB | K77: =SUM(K67:K76) -> 3057556 | L77: =SUM(L67:L76) -> 2636757 | M77: =SUM(M67:M76) -> 420799
A78: MODELO | B78: FECHA DE VENCIMIENTO | C78: TIPO DE VEHICULO | D78: PLACA MILITAR | E78: PLACA CIVIL | F78: PLACA AMARILLA (particular) | G78: PLACA BLANCA (publico) | H78: CENTRO DE COSTO | I78: No. ACTIVO FIJO | J78: No. INVENTARIO | K78: VALOR | M78: EXCEDENTE Y/O FALTANTE
A79: 2013 | B79: 45955 | C79: MOTOCICLETA YAMAHA XTZ 250 | D79: F13922 | E79: NGD63C | F79: X | H79: 3MHH161263 | I79: 167500000825 | J79: 8004030000000000002391750 | K79: 233529 | L79: 205089 | M79: =+K79-L79 -> 28440
A80: 2013 | B80: 45955 | C80: MOTOCICLETA YAMAHA XTZ 250 | D80: F13923 | E80: NGD64C | F80: X | H80: 3MHH161260 | I80: 167500000822 | J80: 8004030000000000002391753 | K80: 233529 | L80: 205089 | M80: =+K80-L80 -> 28440
A81: 2013 | B81: 45955 | C81: MOTOCICLETA YAMAHA XTZ 250 | D81: F13924 | E81: NGD65C | F81: X | H81: 3MHH161261 | I81: 167500000823 | J81: 8004030000000000002391754 | K81: 233529 | L81: 205089 | M81: =+K81-L81 -> 28440
A82: 2013 | B82: 45955 | C82: MOTOCICLETA YAMAHA XTZ 250 | D82: F13925 | E82: NGD66C | F82: X | H82: 3MHH161259 | I82: 167500000821 | J82: 8004030000000000002391752 | K82: 233529 | L82: 205089 | M82: =+K82-L82 -> 28440
A83: 2013 | B83: 45955 | C83: MOTOCICLETA YAMAHA XTZ 250 | D83: F13926 | E83: NGD67C | F83: X | H83: 3MHH161262 | I83: 167500000824 | J83: 8004030000000000002391755 | K83: 233529 | L83: 205089 | M83: =+K83-L83 -> 28440
A84: 2013 | B84: 45955 | C84: MOTOCICLETA YAMAHA XTZ 250 | D84: F13927 | E84: NGD68C | F84: X | H84: 3MHH161258 | I84: 167500000820 | J84: 8004030000000000002391751 | K84: 233529 | L84: 205089 | M84: =+K84-L84 -> 28440
A85: GGORI | K85: =SUM(K79:K84) -> 1401174 | L85: =SUM(L79:L84) -> 1230534 | M85: =SUM(M79:M84) -> 170640
A86: MODELO | B86: FECHA DE VENCIMIENTO | C86: TIPO DE VEHICULO | D86: PLACA MILITAR | E86: PLACA CIVIL | F86: PLACA AMARILLA (particular) | G86: PLACA BLANCA (publico) | H86: CENTRO DE COSTO | I86: No. ACTIVO FIJO | J86: No. INVENTARIO | K86: VALOR | M86: EXCEDENTE Y/O FALTANTE
A87: 2013 | B87: 45928 | C87: CAMIONETA LUV D'MAX | D87: DJK024 | E87: C13709 | F87: X | H87: 3M2H161153 | I87: 167500000558 | J87: 8004030000000000002005378 | K87: 350125 | L87: 300168 | M87: =+K87-L87 -> 49957
A88: 2013 | B88: 45698 | C88: CAMIONETA LUV D'MAX | D88: DJK025 | E88: C13710 | F88: X | H88: 3M2H161154 | I88: 167500000559 | J88: 8004030000000000002005379 | K88: 350125 | L88: 300168 | M88: =+K88-L88 -> 49957
A89: GGANT | K89: =SUM(K87:K88) -> 700250 | L89: =SUM(L87:L88) -> 600336 | M89: =SUM(M87:M88) -> 99914
A90: MODELO | B90: FECHA DE VENCIMIENTO | C90: TIPO DE VEHICULO | D90: PLACA MILITAR | E90: PLACA CIVIL | F90: PLACA AMARILLA (particular) | G90: PLACA BLANCA (publico) | H90: CENTRO DE COSTO | I90: No. ACTIVO FIJO | J90: No. INVENTARIO | K90: VALOR | M90: EXCEDENTE Y/O FALTANTE
A91: 2014 | B91: 45942 | C91: AMBULANCIA BT-50 | D91: A14162 | E91: NDC829 | F91: X | H91: 3M2H161238 | I91: 167500000765 | J91: 8004030000000000002213504 | K91: 350125 | L91: 300168 | M91: =+K91-L91 -> 49957
A92: 2012 | B92: 45940 | C92: CAMION DE 3 A 7 TON CHEVROLET NPR | D92: K12151 | E92: VNC155 | F92: X | H92: 3M2H161141 | I92: 167500000534 | J92: 8004030000000000001895006 | K92: 536364 | L92: 451883 | M92: =+K92-L92 -> 84481
A93: 2012 | B93: 45954 | C93: CAMIONETA, CHEVROLET LUV D'MAX | D93: C12219 | E93: KGF273 | F93: X | H93: 3M2H161140 | I93: 167500000533 | J93: 8004030000000000001901706 | K93: 350125 | L93: 300168 | M93: =+K93-L93 -> 49957
A94: 2011 | B94: 45956 | C94: CAMION CARROTANQUE AGUA, CHEVROLET FVR | D94: I11122 | E94: VOH345 | F94: X | H94: 3M2H160996 | I94: 167500000311 | J94: 8004030000000000001443988 | K94: 536364 | L94: 451883 | M94: =+K94-L94 -> 84481
A95: BITER - 04 | K95: =SUM(K91:K94) -> 1772978 | L95: =SUM(L91:L94) -> 1504102 | M95: =SUM(M91:M94) -> 268876
A96: MODELO | B96: FECHA DE VENCIMIENTO | C96: TIPO DE VEHICULO | D96: PLACA MILITAR | E96: PLACA CIVIL | F96: PLACA AMARILLA (particular) | G96: PLACA BLANCA (publico) | H96: CENTRO DE COSTO | I96: No. ACTIVO FIJO | J96: No. INVENTARIO | K96: VALOR | M96: EXCEDENTE Y/O FALTANTE
A97: 2010 | B97: 45928 | C97: CAMION 7 A 12 TON FTR | D97: N10313 | E97: TNH595 | G97: X | H97: 3M2H160939 | I97: 167500000290 | J97: 8004030000000000001094119 | K97: 536364 | L97: 451383 | M97: =+K97-L97 -> 84981
A98: 2010 | B98: 45939 | C98: CAMION 7 A 12 TON FTR | D98: N10315 | E98: UAR609 | G98: X | H98: 3M2H160941 | I98: 167500000292 | J98: 8004030000000000001094121 | K98: 536364 | L98: 451383 | M98: =+K98-L98 -> 84981
A99: 2010 | B99: 45927 | C99: CAMION 7 A 12 TON FTR | D99: N10316 | E99: UAR608 | G99: X | H99: 3M2H160942 | I99: 167500000293 | J99: 8004030000000000001094122 | K99: 536364 | L99: 451383 | M99: =+K99-L99 -> 84981
A100: 2009 | B100: 45954 | C100: VOLQUETA TIPO FTR | D100: R09488 | E100: SLE048 | F100: X | H100: 3M2H160909 | I100: 167500000294 | J100: 8004030000000000001094178 | K100: 536364 | L100: 451883 | M100: =+K100-L100 -> 84481
A101: 2009 | B101: 27/092025 | C101: CAMION GRUA FTR | D101: Q09487 | E101: BWY055 | F101: X | H101: 3M2H160946 | I101: 167500001276 | J101: 8004030000000000001094176 | K101: 536364 | L101: 451883 | M101: =+K101-L101 -> 84481
...

Sheet REDUCCION Y ADICION
A1: MEDELLIN | P1: MEDELLIN
A2: MODELO | B2: FECHA DE VENCIMIENTO | C2: TIPO DE VEHICULO | D2: PLACA MILITAR | E2: PLACA CIVIL | F2: PLACA AMARILLA (particular) | G2: PLACA BLANCA (publico) | H2: CENTRO DE COSTO | I2: No. ACTIVO FIJO | J2: No. INVENTARIO | K2: VALOR A REDUCIR | N2: 8 | O2: 78181505 | P2: Revisión técnico mecánica vehiculo pesado particular con RUNT Modelo 2008 y anteriores | Q2: =31-1 -> 30 | R2: UN | S2: 451683 | T2: =S2*Q2 -> 13550490
A3: BIOSP
A4: 2006 | B4: 45581 | C4: CAMION 3 A 7 TON CHEVROLET NPR | D4: EJC-K-06207 | E4: OKA684 | F4: x | H4: 3M2H160965 | I4: 167500000194. | J4: 8004030000000000000382590. | K4: =451683-R19 -> 437322 | N4: 4 | O4: 78181505 | P4: Revisión técnico mecánica vehiculo liviano particular con RUNT Modelo 2009 a 2017 | Q4: =55-3-1 -> 51 | R4: UN | S4: 300168 | T4: =S4*Q4 -> 15308568
A5: BASPC 04 | P5: MOTOCICLETAS
A6: 2016 | B6: 45926 | C6: CAMIONETA KOLEOS | D6: D16009 | E6: FDY099 | F6: X | H6: 3M2H01200 | I6: 167500O00846 | J6: 8004030000000000002439383 | K6: 300168 | N6: 1 | O6: 78181505 | P6: Revisión técnico mecánica motos con RUNT Modelo 2018 a 2022 | Q6: =121-1 -> 120 | R6: UN | S6: 204789 | T6: =S6*Q6 -> 24574680
A7: 2015 | B7: 45920 | C7: CAMIONETA DUSTER DYNAMIQUE | D7: C15032 | E7: EAN061 | F7: X | H7: 3M2H161271 | I7: 16750000O837 | J7: 8004030000000000002355944 | K7: 300168 | N7: 2 | O7: 78181505 | P7: Revisión técnico mecánica motos con RUNT Modelo 2009 a 2017 | Q7: =54-3 -> 51 | R7: UN | S7: 205089 | T7: =S7*Q7 -> 10459539
A8: 2016 | B8: 45905 | C8: CAMIONETA KOLEOS | D8: D16007 | E8: EAO039 | F8: X | H8: 3M2H161267 | I8: 1675000O1574 | J8: 8004030000000000002398803 | K8: 300168 | P8: PUERTO BERRIO
A9: VALOR A REDUCIR - BASPC 04 | K9: =SUM(K6:K8) -> 900504 | N9: 3 | O9: 78181505 | P9: Revisión técnico mecánica motos con RUNT Modelo 2009 a 2017 | Q9: =7-2 -> 5 | R9: UN | S9: 205089 | T9: =S9*Q9 -> 1025445
A10: BINUT
A11: 2011 | B11: 45901 | C11: CAMIONETA FORD RANGER | D11: C11159 | E11: DIN334 | F11: X | H11: 3M2H160817 | I11: 167500000527 | J11: 8004030000000000001746906 | K11: 300168 | N11: ADICION
A12: 2018 | B12: 45932 | C12: MOTOCICLETA YAMAHA XTZ 250 | D12: F18218 | E12: RVO91D | F12: X | H12: 3M2H160922 | I12: 167500000979 | J12: 8004030000000000002601233 | K12: 204789 | N12: 3 | O12: 78181505 | P12: Revisión técnico mecánica vehiculo liviano particular con RUNT Modelo 2018 a 2022 | Q12: =11+1 -> 12 | R12: UN | S12: 299868 | T12: =S12*Q12 -> 3598416
A13: VALOR A REDUCIR - BINUT | K13: =SUM(K11:K12) -> 504957
A14: BAEEV 08
A15: 2015 | B15: 45566 | C15: MOTOCICLETA YAMAHA XTZ 250 | D15: F15780 | E15: RRH23D | F15: x | H15: 3M2H206509 | I15: 167500001032 | J15: 8004030000000000002384762 | K15: =+S7 -> 205089
A16: 2015 | B16: 45566 | C16: MOTOCICLETA YAMAHA XTZ 660 | D16: F16015 | E16: RTC15D | F16: x | H16: 3M2H206516 | I16: 167500000265 | J16: 8004030000000000002412964 | K16: 205089
A17: 2015 | B17: 45566 | C17: MOTOCICLETA YAMAHA XTZ 660 | D17: F16016 | E17: RTC16D | F17: x | H17: 3M2H206517 | I17: 167500000266 | J17: 8004030000000000002412965 | K17: 205089
A18: VALOR A REDUCIR - BAEEV8 | K18: =SUM(K15:K17) -> 615267 | L18: 2472411 | P18: ASIGNADO A BIDEH | Q18: VALOR CONTRATO | R18: REASIGNADO DEL BIOSP AL BIDEH
A19: VALOR A REDUCIR - MEDELLIN | K19: =K18+K13+K9+K4 -> 2458050 | L19: =L18-R19 -> 2458050 | P19: 285507 | Q19: 299868 | R19: =Q19-P19 -> 14361
A20: PUERTO BERRIO
A21: BICAB 14
A22: MODELO | B22: FECHA DE VENCIMIENTO | C22: TIPO DE VEHICULO | D22: PLACA MILITAR | E22: PLACA CIVIL | F22: PLACA AMARILLA (particular) | G22: PLACA BLANCA (publico) | H22: CENTRO DE COSTO | I22: No. ACTIVO FIJO | J22: No. INVENTARIO | K22: VALOR A REDUCIR
A23: 2014 | B23: VENCIDA | C23: MOTOCICLETA | D23: F14221 | E23: NGF45C | F23: X | H23: 3M2H206498 | I23: 167500001608 | J23: 8004030000000000002248022 | K23: 205089 | M23: BRIGADAS | N23: CONTRATO INICIALINICIAL | O23: CONTRATO INICIAL APLICADA REDUCCION | P23: VALOR A REDUCIR
A24: 2015 | B24: 45982 | C24: MOTOCICLETA | D24: F15791 | E24: RRH22D | F24: X | H24: 3M2H206424 | I24: 167500001283 | J24: 8004030000000000002384761 | K24: 205089 | M24: MEDELLIN | N24: 105935467 | O24: =N24-K19 -> 103477417 | P24: =N24-O24 -> 2458050
A25: VALOR A REDUCIR - PUERTO BERRIO | K25: =SUM(K23:K24) -> 410178 | M25: PUERTO BERRIO | N25: 24287388 | O25: =N25-K25 -> 23877210 | P25: =N25-O25 -> 410178
A26: VALOR TOTAL A REDUCIR DEL CONTRATO | K26: =K25+K19 -> 2868228 | M26: TOTAL | N26: 130222855 | O26: =SUM(O24:O25) -> 127354627 | P26: =SUM(P24:P25) -> 2868228
A28: ADICION No. 1
A29: MEDELLIN
A30: MODELO | B30: FECHA DE VENCIMIENTO | C30: TIPO DE VEHICULO | D30: PLACA MILITAR | E30: PLACA CIVIL | F30: PLACA AMARILLA (particular) | G30: PLACA BLANCA (publico) | H30: CENTRO DE COSTO | I30: No. ACTIVO FIJO | J30: No. INVENTARIO | K30: VALOR ADICIONAR
A31: BIDEH
A32: 2018 | B32: 45805 | C32: DUSTER DINAMYQUE | D32: EJ-00012 | E32: YZU057 | F32: x | H32: 3M2H207074 | I32: 167500001664 | J32: 8004030000000000002580525 | K32: =+P19 -> 285507
A33: VALOR REASIGNADO Y NO SE REDUCIDO DEL BIOSP
A34: BIOSP
A35: 2006 | B35: 45581 | C35: CAMION 3 A 7 TON CHEVROLET NPR | D35: EJC-K-06207 | E35: OKA684 | F35: x | H35: 3M2H160965 | I35: 167500000194. | J35: 8004030000000000000382590. | K35: =+R19 -> 14361
A36: RECURSOS DEFINITIVOS A CUBRIR NECESIDAD DEL BIDEH | K36: =SUM(K32:K35) -> 299868

Sheet UND MEDELLIN
A1: GRUPO MEDELLIN: UNIDADES DE LA CUARTA BRIGADA (BR04), INCLUIDO BAEEV8 Y UNIDADES INDEPENDIENTES
A2: CUARTA BRIGADA
A3: BAEEV 4
A4: MODELO | B4: FECHA DE VENCIMIENTO | C4: TIPO DE VEHICULO | D4: PLACA MILITAR | E4: PLACA CIVIL | F4: PLACA AMARILLA (particular) | G4: PLACA BLANCA (publico) | H4: CENTRO DE COSTO | I4: No. ACTIVO FIJO | J4: No. INVENTARIO
A5: 2013 | B5: 45963 | C5: CAMIONETA - HILUX 4X4, TOYOTA | D5: C13744 | E5: GAL059 | F5: x | H5: 3M2H161220 | I5: 167500000733 | J5: 8004030000000000002220906
A6: 2020 | B6: 45957 | C6: MOTOCICLETA - DR-X SUZUKI | D6: F20076 | E6: BLN99F | F6: x | H6: 3M2H161359 | I6: 167500001331 | J6: 8004030000000000002718147
A7: 2020 | B7: 45912 | C7: MOTOCICLETA - DR-X SUZUKI | D7: F20077 | E7: BLO90F | F7: x | H7: 3M2H161360 | I7: 167500001332 | J7: 8004030000000000002718148
A8: 2014 | B8: 45957 | C8: MOTOCICLETA - XTZ250 YAMAHA | D8: F14342 | E8: NGF02C | F8: x | H8: 3M2H161218 | I8: 167500000731 | J8: 8004030000000000002220751
A9: 2014 | B9: 45948 | C9: MOTOCICLETA - XTZ250, YAMAHA | D9: F14344 | E9: NGF04C | F9: x | H9: 3M2H161211 | I9: 167500000724 | J9: 8004030000000000002220757
A10: 2014 | B10: 45957 | C10: MOTOCICLETA - XTZ250, YAMAHA | D10: F14345 | E10: NGF05C | F10: x | H10: 3M2H161216 | I10: 167500000729 | J10: 8004030000000000002220752
A11: 2014 | B11: 45948 | C11: MOTOCICLETA - XTZ250, YAMAHA | D11: F14349 | E11: NGF09C | F11: x | H11: 3M2H161210 | I11: 167500000723 | J11: 8004030000000000002220756
A12: 2014 | B12: 45957 | C12: MOTOCICLETA - XTZ250, YAMAHA | D12: F14350 | E12: NGF10C | F12: x | H12: 3M2H161212 | I12: 167500000725 | J12: 8004030000000000002220759
A13: 2014 | B13: 45951 | C13: MOTOCICLETA - XTZ250, YAMAHA | D13: F14351 | E13: NGF11C | F13: x | H13: 3M2H161215 | I13: 167500000728 | J13: 8004030000000000002220758
A14: 2018 | B14: 45948 | C14: MOTOCICLETA - XTZ250, YAMAHA | D14: F18280 | E14: VMU93E | F14: x | H14: 3M2H161361 | I14: 167500001302 | J14: 8004030000000000002719812
A15: 2013 | B15: 45957 | C15: MOTOCICLETA - ECO DELUXE ES, HONDA | D15: F13696 | E15: CHV40C | F15: x | H15: 3M2H161150 | I15: 167500000555 | J15: 8004030000000000001985282
A16: 2005 | B16: 45964 | C16: CAMION 3 A 7 TON, NPR CHEVROLET | D16: K05294 | E16: TPR010 | G16: x | H16: 3M2H160860 | I16: 167500000148 | J16: 8004030000000000000094513
A17: 2005 | B17: 45942 | C17: CAMION 3 A 7 TON, NPR CHEVROLET | D17: K05295 | E17: TPR014 | G17: x | H17: 3M2H160861 | I17: 167500000149 | J17: 8004030000000000000094522
A18: 2005 | B18: 45971 | C18: CAMION 3 A 7 TON, NPR CHEVROLET | D18: K05296 | E18: UAM810 | G18: x | H18: 3M2H160862 | I18: 167500000150 | J18: 8004030000000000000372996
A19: 2005 | B19: 45990 | C19: CAMION 3 A 7 TON, NPR CHEVROLET | D19: K05297 | E19: UAM811 | G19: x | H19: 3M2H160863 | I19: 167500000151 | J19: 8004030000000000000375384
A20: 2005 | B20: 45948 | C20: CAMION 3 A 7 TON, NPR CHEVROLET | D20: K05301 | E20: UYR006 | G20: x | H20: 3M2H160867 | I20: 167500000155 | J20: 8004030000000000000373024
A21: 2005 | B21: 45996 | C21: CAMION 3 A 7 TON, NPR CHEVROLET | D21: K05303 | E21: VCF115 | G21: x | H21: 3M2H160869 | I21: 167500000157 | J21: 8004030000000000000085635
A22: BAACA 4
A23: MODELO | B23: FECHA DE VENCIMIENTO | C23: TIPO DE VEHICULO | D23: PLACA MILITAR | E23: PLACA CIVIL | F23: PLACA AMARILLA (particular) | G23: PLACA BLANCA (publico) | H23: CENTRO DE COSTO | I23: No. ACTIVO FIJO | J23: No. INVENTARIO
A24: 2003 | B24: 45942 | C24: CAMION KODIAK | D24: N03381 | E24: AUS036 | F24: X | H24: 3M2H160895 | I24: 167500000180 | J24: 8004030000000000000086136
A25: 2001 | B25: 45938 | C25: CAMION KODIAK | D25: N01044 | E25: SHI170 | F25: X | H25: 3M2H161257 | I25: 167500000817 | J25: 8004030000000000000207468
A26: 1998 | B26: 45857 | C26: CAMION KODIAK | D26: N98291 | E26: OMK341 | F26: X | H26: 3M2H160897 | I26: 167500000165 | J26: 8004030000000000000094957
A27: 2008 | B27: N/A | C27: CAMION KODIAK | D27: N08309 | E27: UTX037 | F27: X | H27: 3M2H160896 | I27: 167500000229 | J27: 8004030000000000000559899
A28: 2008 | B28: 45979 | C28: CAMIONETA LUV D' MAX | D28: C08079 | E28: QYA609 | F28: X | H28: 3M2H160885 | I28: 167500000218 | J28: 8004030000000000000440248
A29: 2014 | B29: 45974 | C29: CAMIONETA LUV D' MAX | D29: C14632 | E29: DIW975 | F29: X | H29: 3M2H161190 | I29: 167500000669 | J29: 8004030000000000002113994
A30: 2014 | B30: 45983 | C30: CAMIONETA LUV D' MAX | D30: C14631 | E30: DIW974 | F30: X | H30: 3M2H161191 | I30: 167500000670 | J30: 8004030000000000002113995
A31: 2010 | B31: 45966 | C31: CAMION NPR | D31: K10053 | E31: UIP143 | F31: X | H31: 3M2H160892 | I31: 167500000280 | J31: 8004030000000000001091384
A32: 2010 | B32: 45987 | C32: CAMION NPR | D32: K10054 | E32: UZQ132 | F32: X | H32: 3M2H160888 | I32: 167500000281 | J32: 8004030000000000001091385
A33: 2003 | B33: 45975 | C33: CAMION NPR | D33: K03158 | E33: KGJ683 | F33: X | H33: 3M2H160889 | I33: 167500000233 | J33: 8004030000000000000793581
A34: 2003 | B34: 45966 | C34: CAMION NPR | D34: K03160 | E34: LHA661 | F34: X | H34: 3M2H160890 | I34: 167500000234 | J34: 8004030000000000000793582
A35: 2014 | B35: 45912 | C35: CAMION NPR | D35: K14628 | E35: NDC761 | F35: X | H35: 3M2H161194 | I35: 167500000674 | J35: 8004030000000000002113999
A36: 2014 | B36: 45923 | C36: CAMION NPR | D36: K14629 | E36: NDC762 | F36: X | H36: 3M2H161192 | I36: 167500000672 | J36: 8004030000000000002113997
A37: 2014 | B37: 45955 | C37: CAMION NPR | D37: K14627 | E37: NDC760 | F37: X | H37: 3M2H161193 | I37: 167500000673 | J37: 8004030000000000002113998
A38: 2018 | B38: 45980 | C38: MOTOCICLETA XTZ250 | D38: F18299 | E38: VMU97E | F38: X | H38: 3M2H04109 | I38: 167500001433 | J38: 8004030000000000002821367
A39: 2018 | B39: 05/112025 | C39: MOTOCICLETA XTZ250 | D39: F18296 | E39: VMU84E | F39: X | H39: 3M2H04106 | I39: 167500001430 | J39: 8004030000000000002821364
A40: 2018 | B40: 45980 | C40: MOTOCICLETA XTZ250 | D40: F18298 | E40: VMU86E | F40: X | H40: 3M2H04108 | I40: 167500001432 | J40: 8004030000000000002821366
A41: 2018 | B41: 45980 | C41: MOTOCICLETA XTZ250 | D41: F18297 | E41: VMU85E | F41: X | H41: 3M2H04107 | I41: 167500001431 | J41: 8004030000000000002821365
A42: 2017 | B42: 45987 | C42: MOTOCICLETA XTZ250 | D42: F17223 | E42: RVH35D | F42: X | H42: 3M2H04100 | I42: 167500000886 | J42: 8004030000000000002524396
A43: 2017 | B43: 45841 | C43: MOTOCICLETA XTZ250 | D43: F17219 | E43: RVH39D | F43: X | H43: 3M2H04104 | I43: 167500000882 | J43: 8004030000000000002524392
A44: BIGIR | I44: BIGIR
A45: MODELO | B45: FECHA DE VENCIMIENTO | C45: TIPO DE VEHICULO | D45: PLACA MILITAR | E45: PLACA CIVIL | F45: PLACA AMARILLA (particular) | G45: PLACA BLANCA (publico) | H45: CENTRO DE COSTO | I45: No. ACTIVO FIJO | J45: No. INVENTARIO
A46: 2008 | B46: 45984 | C46: CAMION CHEVROLET KODIAK | D46: N08140 | E46: YHO001 | G46: x | H46: 3M2H161098 | I46: 16750000O222 | J46: 8004030000000000000077885
A47: 1998 | B47: 45723 | C47: CAMION CHEVROLET KODIAK | D47: N98283 | E47: LHA625 | F47: x | H47: 3M2H161093 | I47: 167500000121 | J47: 8004030000000000000371466
A48: 2008 | B48: 45920 | C48: CAMION CHEVROLET NPR | D48: K08183 | E48: VZD016 | G48: x | H48: 3M2H160983 | I48: 167500000223 | J48: 8004030000000000000447456
A49: 2010 | B49: 45990 | C49: CAMION CHEVROLET NPR | D49: K10156 | E49: CES581 | F49: x | H49: 3M2H161108 | I49: 16750000O276 | J49: 8004030000000000001091528
A50: 2010 | B50: 45980 | C50: CAMIONETA TOYOTA HILUX 4X4 | D50: C10746 | E50: HCD960 | F50: x | H50: 3M2H160902 | I50: 1675000O1295 | J50: 8004030000000000001520940
A51: 2015 | B51: 45912 | C51: CAMIONETA CHEVROLET LUV DIMAX | D51: C15684 | E51: GAW012 | F51: x | H51: 3M2H161249 | I51: 16750000O805 | J51: 8004030000000000002339354
A52: 2015 | B52: 45722 | C52: CAMIONETA CHEVROLET LUV DIMAX | D52: C15683 | E52: GAU099 | F52: x | H52: 3M2H161248 | I52: 167500000804 | J52: 8004030000000000002339353
A53: 2018 | B53: 45691 | C53: MOTOCICLETA YAMAHA XTZ250 | D53: F18309 | E53: MAI25F | F53: x | H53: 3M2H03010 | I53: 167500001455 | J53: 8004030000000000002842838
A54: 2018 | B54: 45783 | C54: MOTOCICLETA YAMAHA XTZ250 | D54: F18310 | E54: GBM50F | F54: x | H54: 3M2H03010 | I54: 167500001456 | J54: 8004030000000000002842839
A55: 2018 | B55: 45814 | C55: MOTOCICLETA YAMAHA XTZ250 | D55: F18311 | E55: CGN70F | F55: x | H55: 3M2H03010 | I55: 167500001457 | J55: 8004030000000000002842840
A56: BIOSP | I56: BIOSP
A57: MODELO | B57: FECHA DE VENCIMIENTO | C57: TIPO DE VEHICULO | D57: PLACA MILITAR | E57: PLACA CIVIL | F57: PLACA AMARILLA (particular) | G57: PLACA BLANCA (publico) | H57: CENTRO DE COSTO | I57: No. ACTIVO FIJO | J57: No. INVENTARIO
A58: 2010 | B58: 45928 | C58: CAMION 3 A 7 TON CHEVROLET NPR | D58: EJC-K-10105 | E58: UZQ144 | G58: x | H58: 3M2H160968 | I58: 167500000282. | J58: 8004030000000000001091474.
A59: 2008 | B59: 45928 | C59: CAMION 3 A 7 TON CHEVROLET NPR | D59: EJC-K-08173 | E59: VZD010 | G59: x | H59: 3M2H160966 | I59: 167500000225. | J59: 8004030000000000000546019.
A60: 2010 | B60: 45928 | C60: CAMION 3 A 7 TON CHEVROLET NPR | D60: EJC-K-10104 | E60: UZQ143 | G60: x | H60: 3M2H160967 | I60: 167500000283. | J60: 8004030000000000001091473.
A61: 2006 | B61: 45581 | C61: CAMION 3 A 7 TON CHEVROLET NPR | D61: EJC-K-06207 | E61: OKA684 | F61: x | H61: 3M2H160965 | I61: 167500000194. | J61: 8004030000000000000382590.
A62: 1998 | B62: 45928 | C62: CAMION 5 A 10 TN CHEVROLET KODIAK | D62: EJC-N-98289 | E62: SHI381 | G62: x | H62: 3M2H160969 | I62: 167500000061. | J62: 8004030000000000000091674.
A63: 2011 | B63: 45904 | C63: CAMIONETA (EJC) | D63: EJC-C-11601 | E63: HCD990 | F63: x | H63: 3M2H161132 | I63: 167500000475. | J63: 8004030000000000001864158.
A64: 2011 | B64: 45904 | C64: AMBULANCIA CHEVROLET D MAX | D64: EJC-A-11201 | E64: HCD989 | F64: x | H64: 3M2H161131 | I64: 167500000474. | J64: 8004030000000000001864157.
A65: 2009 | B65: 45986 | C65: AMBULANCIA CHEVROLET D MAX | D65: EJC-A-09170 | E65: ZJN150 | F65: x | H65: 3M2H160948 | I65: 167500000265. | J65: 8004030000000000000783597.
A66: BIPEB | I66: BIPEB
A67: MODELO | B67: FECHA DE VENCIMIENTO | C67: TIPO DE VEHICULO | D67: PLACA MILITAR | E67: PLACA CIVIL | F67: PLACA AMARILLA (particular) | G67: PLACA BLANCA (publico) | H67: CENTRO DE COSTO | I67: No. ACTIVO FIJO | J67: No. INVENTARIO
A68: 1998 | B68: 45955 | C68: CAMIÓN 7 A 12 TONELADAS (EJC) | D68: N98311 | E68: OMK320 | F68: X | H68: 3M2H160991 | I68: 167500000104 | J68: 8004030000000000000098666
A69: 2009 | B69: 45975 | C69: CAMIONETA (EJC) | D69: C09435 | E69: HCI110 | F69: X | H69: 3M2H160972 | I69: 167500000288 | J69: 8004030000000000001093976
A70: 2011 | B70: 45975 | C70: CAMIÓN 3 A 7 TONELADAS (EJC) | D70: K11090 | E70: WBC782 | G70: X | H70: 3M2H160987 | I70: 167500000468 | J70: 8004030000000000001746912
A71: 2018 | B71: 45955 | C71: MOTOCICLETA (EJC) | D71: F18141 | E71: OHW31E | F71: X | H71: 3M2H08312 | I71: 167500001011 | J71: 8004030000000000002616853
A72: 2018 | B72: 45975 | C72: MOTOCICLETA (EJC) | D72: F18142 | E72: OHW32E | F72: X | H72: 3M2H08313 | I72: 167500001012 | J72: 8004030000000000002616854
A73: 2018 | B73: 45955 | C73: MOTOCICLETA (EJC) | D73: F18143 | E73: OHW33E | F73: X | H73: 3M2H08314 | I73: 167500001013 | J73: 8004030000000000002616855
A74: 2018 | B74: 45955 | C74: MOTOCICLETA (EJC) | D74: F18144 | E74: OHW34E | F74: X | H74: 3M2H08315 | I74: 167500001014 | J74: 8004030000000000002616856
A75: 2018 | B75: 45955 | C75: MOTOCICLETA (EJC) | D75: F18145 | E75: OHW35E | F75: X | H75: 3M2H08316 | I75: 167500001015 | J75: 8004030000000000002616857
A76: 2018 | B76: 45974 | C76: MOTOCICLETA (EJC) | D76: F18146 | E76: OHW36E | F76: X | H76: 3M2H08317 | I76: 167500001016 | J76: 8004030000000000002616858
A77: 2018 | B77: 45955 | C77: MOTOCICLETA (EJC) | D77: F18170 | E77: VMX30E | F77: X | H77: 3M2H08320 | I77: 167500001251 | J77: 8004030000000000002606300
A78: GGORI | I78: GGORI
A79: MODELO | B79: FECHA DE VENCIMIENTO | C79: TIPO DE VEHICULO | D79: PLACA MILITAR | E79: PLACA CIVIL | F79: PLACA AMARILLA (particular) | G79: PLACA BLANCA (publico) | H79: CENTRO DE COSTO | I79: No. ACTIVO FIJO | J79: No. INVENTARIO
A80: 2013 | B80: 45955 | C80: MOTOCICLETA YAMAHA XTZ 250 | D80: F13922 | E80: NGD63C | F80: X | H80: 3MHH161263 | I80: 167500000825 | J80: 8004030000000000002391750
A81: 2013 | B81: 45955 | C81: MOTOCICLETA YAMAHA XTZ 250 | D81: F13923 | E81: NGD64C | F81: X | H81: 3MHH161260 | I81: 167500000822 | J81: 8004030000000000002391753
A82: 2013 | B82: 45955 | C82: MOTOCICLETA YAMAHA XTZ 250 | D82: F13924 | E82: NGD65C | F82: X | H82: 3MHH161261 | I82: 167500000823 | J82: 8004030000000000002391754
A83: 2013 | B83: 45955 | C83: MOTOCICLETA YAMAHA XTZ 250 | D83: F13925 | E83: NGD66C | F83: X | H83: 3MHH161259 | I83: 167500000821 | J83: 8004030000000000002391752
A84: 2013 | B84: 45955 | C84: MOTOCICLETA YAMAHA XTZ 250 | D84: F13926 | E84: NGD67C | F84: X | H84: 3MHH161262 | I84: 167500000824 | J84: 8004030000000000002391755
A85: 2013 | B85: 45955 | C85: MOTOCICLETA YAMAHA XTZ 250 | D85: F13927 | E85: NGD68C | F85: X | H85: 3MHH161258 | I85: 167500000820 | J85: 8004030000000000002391751
A86: GGANT | I86: GGANT
A87: MODELO | B87: FECHA DE VENCIMIENTO | C87: TIPO DE VEHICULO | D87: PLACA MILITAR | E87: PLACA CIVIL | F87: PLACA AMARILLA (particular) | G87: PLACA BLANCA (publico) | H87: CENTRO DE COSTO | I87: No. ACTIVO FIJO | J87: No. INVENTARIO
A88: 2013 | B88: 45928 | C88: CAMIONETA LUV D'MAX | D88: DJK024 | E88: C13709 | F88: X | H88: 3M2H161153 | I88: 167500000558 | J88: 8004030000000000002005378
A89: 2013 | B89: 45698 | C89: CAMIONETA LUV D'MAX | D89: DJK025 | E89: C13710 | F89: X | H89: 3M2H161154 | I89: 167500000559 | J89: 8004030000000000002005379
A90: BITER - 04 | I90: BITER - 04
A91: MODELO | B91: FECHA DE VENCIMIENTO | C91: TIPO DE VEHICULO | D91: PLACA MILITAR | E91: PLACA CIVIL | F91: PLACA AMARILLA (particular) | G91: PLACA BLANCA (publico) | H91: CENTRO DE COSTO | I91: No. ACTIVO FIJO | J91: No. INVENTARIO
A92: 2014 | B92: 45942 | C92: AMBULANCIA BT-50 | D92: A14162 | E92: NDC829 | F92: X | H92: 3M2H161238 | I92: 167500000765 | J92: 8004030000000000002213504
A93: 2012 | B93: 45940 | C93: CAMION DE 3 A 7 TON CHEVROLET NPR | D93: K12151 | E93: VNC155 | F93: X | H93: 3M2H161141 | I93: 167500000534 | J93: 8004030000000000001895006
A94: 2012 | B94: 45954 | C94: CAMIONETA, CHEVROLET LUV D'MAX | D94: C12219 | E94: KGF273 | F94: X | H94: 3M2H161140 | I94: 167500000533 | J94: 8004030000000000001901706
A95: 2011 | B95: 45956 | C95: CAMION CARROTANQUE AGUA, CHEVROLET FVR | D95: I11122 | E95: VOH345 | F95: X | H95: 3M2H160996 | I95: 167500000311 | J95: 8004030000000000001443988
A96: BASPC 04 | I96: BASPC 04
A97: MODELO | B97: FECHA DE VENCIMIENTO | C97: TIPO DE VEHICULO | D97: PLACA MILITAR | E97: PLACA CIVIL | F97: PLACA AMARILLA (particular) | G97: PLACA BLANCA (publico) | H97: CENTRO DE COSTO | I97: No. ACTIVO FIJO | J97: No. INVENTARIO
A98: 2010 | B98: 45928 | C98: CAMION 7 A 12 TON FTR | D98: N10313 | E98: TNH595 | G98: X | H98: 3M2H160939 | I98: 167500000290 | J98: 8004030000000000001094119
A99: 2010 | B99: 45939 | C99: CAMION 7 A 12 TON FTR | D99: N10315 | E99: UAR609 | G99: X | H99: 3M2H160941 | I99: 167500000292 | J99: 8004030000000000001094121
A100: 2010 | B100: 45927 | C100: CAMION 7 A 12 TON FTR | D100: N10316 | E100: UAR608 | G100: X | H100: 3M2H160942 | I100: 167500000293 | J100: 8004030000000000001094122
...

Sheet GRUPO DOS
A1: DECIMA CUARTA BRIGADA
A2: MODELO | B2: FECHA DE VENCIMIENTO | C2: TIPO DE VEHICULO | D2: PLACA MILITAR | E2: PLACA CIVIL | F2: PLACA AMARILLA (particular) | G2: PLACA BLANCA (publico) | H2: CENTRO DE COSTO | I2: No. ACTIVO FIJO | J2: No. INVENTARIO | K2: VALOR | L2: PRESUPUESTO A COMPROMETER | M2: EXCEDENTE Y/O FALTANTE
A3: 2001 | B3: 45962 | C3: CAMION KODIAK | D3: N01035 | E3: SHI191 | G3: X | H3: 3M2H193259 | I3: 167500001210 | J3: 8004030000000000001247886 | K3: 536364 | L3: 451183 | M3: =+K3-L3 -> 85181
A4: 1997 | B4: 45975 | C4: CAMION CARROTANQUE | D4: I97233 | E4: BIB618 | F4: X | H4: 3M2H193260 | I4: 167500001211 | J4: 8004030000000000001247899 | K4: 536364 | L4: 451683 | M4: =+K4-L4 -> 84681
A5: 2003 | B5: 45975 | C5: CAMION KODIAK | D5: N03378 | E5: BNA139 | G5: X | H5: 3M2H193263 | I5: 167500001214 | J5: 8004030000000000001247888 | K5: 536364 | L5: 451183 | M5: =+K5-L5 -> 85181
A6: 2009 | B6: 45981 | C6: CAMION NPR | D6: K09208 | E6: ZTV048 | F6: X | H6: 3M2H193264 | I6: 167500001215 | J6: 8004030000000000001247904 | K6: 536364 | L6: 451883 | M6: =+K6-L6 -> 84481
A7: 2010 | B7: 45975 | C7: CAMION NPR | D7: K10200 | E7: EJK347 | F7: X | H7: 3M2H193266 | I7: 167500001217 | J7: 8004030000000000001247925 | K7: 536364 | L7: 451883 | M7: =+K7-L7 -> 84481
A8: 2010 | B8: 45975 | C8: MOTOCICLETA | D8: F10616 | E8: SQC78B | F8: X | H8: 3M2H193269 | I8: 167500001220 | J8: 8004030000000000001403450 | K8: 233529 | L8: 205089 | M8: =+K8-L8 -> 28440
A9: 2016 | B9: 45975 | C9: AMBULANCIA NISSAN | D9: A16007 | E9: EAO082 | F9: X | H9: 3M2H193278 | I9: 167500001229 | J9: 8004030000000000002412029 | K9: 350125 | L9: 300168 | M9: =+K9-L9 -> 49957
A10: BIBAR | K10: =SUM(K3:K9) -> 3265474 | L10: =SUM(L3:L9) -> 2763072 | M10: =SUM(M3:M9) -> 502402
A11: MODELO | B11: FECHA DE VENCIMIENTO | C11: TIPO DE VEHICULO | D11: PLACA MILITAR | E11: PLACA CIVIL | F11: PLACA AMARILLA (particular) | G11: PLACA BLANCA (publico) | H11: CENTRO DE COSTO | I11: No. ACTIVO FIJO | J11: No. INVENTARIO | K11: VALOR | M11: EXCEDENTE Y/O FALTANTE
A12: 2003 | B12: 45955 | C12: CAMIÓN LIVIANO DE 3 A 7 TON. (ESTACAS), CHEVROLET NPR | D12: K03380 | E12: CEW017 | F12: x | H12: 3M2H206407 | I12: 167500001073 | J12: 8004030000000000001268048 - | K12: 536364 | L12: 451683 | M12: =+K12-L12 -> 84681
A13: 2009 | B13: 45940 | C13: CAMIÓN LIVIANO DE 3 A 7 TON. (ESTACAS), HYUNDAI HD72 | D13: K09204 | E13: SMK535 | G13: x | H13: 3M2H206411 | I13: 167500001069 | J13: 8004030000000000001268063 - | K13: 536364 | L13: 451383 | M13: =+K13-L13 -> 84981
A14: 2010 | B14: 45940 | C14: CAMIÓN LIVIANO DE 3 A 7 TON. (ESTACAS), CHEVROLET NPR | D14: K10049 | E14: UNK047 | G14: x | H14: 3M2H206413 | I14: 167500001067 | J14: 8004030000000000001268065 - | K14: 536364 | L14: 451383 | M14: =+K14-L14 -> 84981
A15: 2010 | B15: 45940 | C15: CAMIÓN LIVIANO DE 3 A 7 TON. (ESTACAS), CHEVROLET NPR | D15: K10048 | E15: VZR748 | G15: x | H15: 3M2H206412 | I15: 167500001068 | J15: 8004030000000000001268064 - | K15: 536364 | L15: 451383 | M15: =+K15-L15 -> 84981
A16: 2002 | B16: 45966 | C16: CAMIÓN LIVIANO DE 3 A 7 TON. (ESTACAS), CHEVROLET NPR | D16: K02108 | E16: WDF000 | G16: x | H16: 3M2H206404 | I16: 167500001076 | J16: 8004030000000000001268044 - | K16: 536364 | L16: 451183 | M16: =+K16-L16 -> 85181
A17: 2007 | B17: 45936 | C17: CAMIÓN MEDIANO DE 7 A 12 TON. (ESTACAS), CHEVROLET KODIAK | D17: N07211 | E17: EXT122 | F17: x | H17: 3M2H206436 | I17: 167500001044 | J17: 8004030000000000000502052 - | K17: 536364 | L17: 451683 | M17: =+K17-L17 -> 84681
A18: 2007 | B18: 45936 | C18: CAMIÓN MEDIANO DE 7 A 12 TON. (ESTACAS), CHEVROLET KODIAK | D18: N07210 | E18: EXT123 | F18: x | H18: 3M2H206437 | I18: 167500001043 | J18: 8004030000000000000502059 - | K18: 536364 | L18: 451683 | M18: =+K18-L18 -> 84681
A19: 2002 | B19: 45936 | C19: CAMIÓN MEDIANO DE 7 A 12 TON. (ESTACAS), CHEVROLET KODIAK | D19: N02138 | E19: IUA010 | G19: x | H19: 3M2H206406 | I19: 167500001074 | J19: 8004030000000000001268046 - | K19: 536364 | L19: 451183 | M19: =+K19-L19 -> 85181
A20: 2011 | B20: 45939 | C20: CAMIÓN MEDIANO DE 7 A 12 TON. (ESTACAS), CHEVROLET FTR | D20: N11081 | E20: VOH306 | G20: x | H20: 3M2H206417 | I20: 167500001063 | J20: 8004030000000000001443881 - | K20: 536364 | L20: 451383 | M20: =+K20-L20 -> 84981
A21: 2013 | B21: 45935 | C21: CAMIONETA CHEVROLET LUV DMAX | D21: C13661 | E21: DIW726 | F21: x | H21: 3M2H206418 | I21: 167500001062 | J21: 8004030000000000002005728 - | K21: 350125 | L21: 300168 | M21: =+K21-L21 -> 49957
A22: 2013 | B22: 45935 | C22: CAMIONETA, CHEVROLET LUV DMAX | D22: C13660 | E22: DIW727 | F22: x | H22: 3M2H206419 | I22: 167500001061 | J22: 8004030000000000002005729 - | K22: 350125 | L22: 300168 | M22: =+K22-L22 -> 49957
A23: 2014 | B23: 45935 | C23: CAMIÓN LIVIANO DE 3 A 7 TON. (ESTACAS), CHEVROLET NPR | D23: K14861 | E23: GAL061 | F23: x | H23: 3M2H206421 | I23: 167500001059 | J23: 8004030000000000002168706 - | K23: 536364 | L23: 451883 | M23: =+K23-L23 -> 84481
A24: 2004 | B24: 45975 | C24: CAMPERO TOYOTA PRADO VXA | D24: D04093 | E24: FDY096 | F24: x | H24: 3M2H206434 | I24: 167500001046 | J24: 8004030000000000002466483 - | K24: 350125 | L24: 299868 | M24: =+K24-L24 -> 50257
A25: 2012 | B25: 45937 | C25: CAMIONETA CHEVROLET LUV DMAX | D25: C15659 | E25: GAW066 | F25: x | H25: 3M2H206426 | I25: 167500001054 | J25: 8004030000000000002384769 - | K25: 350125 | L25: 300168 | M25: =+K25-L25 -> 49957
A26: 2013 | B26: 45948 | C26: MOTOCICLETA, YAMAHA YBR125DX | D26: F13743 | E26: NGD91C | F26: x | H26: 3M2H206423 | I26: 167500001057 | J26: 8004030000000000002267134 - | K26: 233529 | L26: 205089 | M26: =+K26-L26 -> 28440
A27: 2010 | B27: 45924 | C27: AMBULANCIA CHEVROLET LUV DIMAX | D27: A10470 | E27: DOE308 | F27: x | H27: 3M2H206364 | I27: 167500001168 | J27: 8004030000000000001443783 - | K27: 350125 | L27: 300168 | M27: =+K27-L27 -> 49957
A28: 2010 | B28: 45986 | C28: CAMIONETA SUZUKI GRAND VITARA | D28: C10492 | E28: DOE343 | F28: x | H28: 3M2H206416 | I28: 167500001064 | J28: 8004030000000000001443810 - | K28: 350125 | L28: 300168 | M28: =+K28-L28 -> 49957
A29: 2008 | B29: 45953 | C29: CAMIÓN LIVIANO DE 3 A 7 TON. (ESTACAS), CHEVROLET NPR | D29: K08184 | E29: VZD017 | G29: x | H29: 3M2H206414 | I29: 167500000060 | J29: 8004030000000000001268066 | K29: 536364 | L29: 451183 | M29: =+K29-L29 -> 85181
A30: 2010 | B30: 45944 | C30: VOLQUETA 10 MTS, CHEVROLET FTR | D30: R10339 | E30: XYD117 | G30: x | H30: 3M2H206415 | I30: 167500001065 | J30: 8004030000000000001268069 | K30: 536364 | L30: 451383 | M30: =+K30-L30 -> 84981
A31: BASPC 14 | K31: =SUM(K12:K30) -> 8770647 | L31: =SUM(L12:L30) -> 7423193 | M31: =SUM(M12:M30) -> 1347454
A32: MODELO | B32: FECHA DE VENCIMIENTO | C32: TIPO DE VEHICULO | D32: PLACA MILITAR | E32: PLACA CIVIL | F32: PLACA AMARILLA (particular) | G32: PLACA BLANCA (publico) | H32: CENTRO DE COSTO | I32: No. ACTIVO FIJO | J32: No. INVENTARIO | K32: VALOR | M32: EXCEDENTE Y/O FALTANTE
A33: 2003 | B33: 45962 | C33: CAMION | D33: K03366 | E33: BVM054 | F33: X | H33: 3M2H206379 | I33: 167500001145 | J33: 8004030000000000001268080 | K33: 536364 | L33: 451683 | M33: =+K33-L33 -> 84681
A34: 2003 | B34: 45982 | C34: CAMION | D34: N03376 | E34: EJE027 | F34: X | H34: 3M2H206377 | I34: 167500001143 | J34: 8004030000000000001268078 | K34: 536364 | L34: 451683 | M34: =+K34-L34 -> 84681
A35: 2007 | B35: 45981 | C35: CAMIONETA | D35: A07271 | E35: IBZ419 | F35: X | H35: 3M2H206381 | I35: 167500001147 | J35: 8004030000000000001268102 | K35: 350125 | L35: 299868 | M35: =+K35-L35 -> 50257
A36: 2014 | B36: VENCIDA | C36: MOTOCICLETA | D36: F14221 | E36: NGF45C | F36: X | H36: 3M2H206498 | I36: 167500001608 | J36: 8004030000000000002248022 | O36: 233529 | P36: 205089 | Q36: =+O36-P36 -> 28440
A37: 2015 | B37: 45982 | C37: MOTOCICLETA | D37: F15791 | E37: RRH22D | F37: X | H37: 3M2H206424 | I37: 167500001283 | J37: 8004030000000000002384761 | O37: 233529 | P37: 205089 | Q37: =+O37-P37 -> 28440
A38: 2015 | B38: VENCIDA | C38: MOTOCICLETA | D38: F15669 | E38: RRK95D | F38: X | H38: 3M2H206499 | I38: 167500001609 | J38: 8004030000000000002393590 | K38: 233529 | L38: 205089 | M38: =+K38-L38 -> 28440
A39: 2016 | B39: VENCIDA | C39: MOTOCICLETA | D39: F16213 | E39: RTC58D | F39: X | H39: 3M2H206393 | I39: 167500001159 | J39: 8004030000000000002439319 | K39: 233529 | L39: 205089 | M39: =+K39-L39 -> 28440
A40: 2003 | B40: 45982 | C40: CAMION | D40: K03367 | E40: SHI475 | G40: X | H40: 3M2H206378 | I40: 167500001144 | J40: 8004030000000000001268079 | K40: 536364 | L40: 451183 | M40: =+K40-L40 -> 85181
A41: 2008 | B41: 45890 | C41: CAMION | D41: N08032 | E41: UIP118 | G41: X | H41: 3M2H206383 | I41: 167500001149 | J41: 8004030000000000001268104 | K41: 536364 | L41: 451183 | M41: =+K41-L41 -> 85181
A42: 2008 | B42: 45988 | C42: CAMION | D42: N08031 | E42: VCF144 | G42: X | H42: 3M2H206382 | I42: 167500001148 | J42: 8004030000000000001268103 | K42: 536364 | L42: 451183 | M42: =+K42-L42 -> 85181
A43: BICAB 14 | K43: =SUM(K33:K42) -> 3499003 | L43: =SUM(L33:L42) -> 2966961 | M43: =SUM(M33:M42) -> 532042
A44: MODELO | B44: FECHA DE VENCIMIENTO | C44: TIPO DE VEHICULO | D44: PLACA MILITAR | E44: PLACA CIVIL | F44: PLACA AMARILLA (particular) | G44: PLACA BLANCA (publico) | H44: CENTRO DE COSTO | I44: No. ACTIVO FIJO | J44: No. INVENTARIO | K44: VALOR | M44: EXCEDENTE Y/O FALTANTE
A45: 2015 | B45: 45936 | C45: MOTOCICLETA-AKT-AK125 BR | D45: F-15819 | E45: JQV39C | F45: X | H45: 3M2H206367 | I45: 167500001171 | J45: 8004030000000000002349348 | K45: 233529 | L45: 205089 | M45: =+K45-L45 -> 28440
A46: 2003 | B46: 45955 | C46: CAMION- CHEVROLET-KODIAK | D46: N03377 | E46: BNA136 | F46: X | H46: 3M2H206359 | I46: 167500001163 | J46: 8004030000000000001268093 | K46: 536364 | L46: 451683 | M46: =+K46-L46 -> 84681
A47: 2013 | B47: 45961 | C47: CAMIONETA-CHEVROLET-LUV D MAX 3.0L | D47: C13516 | E47: DIW863 | F47: X | H47: 3M2H206366 | I47: 167500001170 | J47: 8004030000000000002113318 | K47: 350125 | L47: 300168 | M47: =+K47-L47 -> 49957
A48: 2009 | B48: 45983 | C48: CAMIONETA- CHEVROLET-LUV DIMAX | D48: C09084 | E48: MRY078 | F48: X | H48: 3M2H206358 | I48: 167500001162 | J48: 8004030000000000001268062 | K48: 350125 | L48: 300168 | M48: =+K48-L48 -> 49957
A49: 2003 | B49: 45911 | C49: CAMION- CHEVROLET-NPR | D49: K03361 | E49: SHI471 | G49: X | H49: 3M2H206360 | I49: 167500001164 | J49: 8004030000000000001268094 | K49: 536364 | L49: 451183 | M49: =+K49-L49 -> 85181
A50: 2003 | B50: 45928 | C50: CAMION-CHEVROLET-NPR | D50: K03360 | E50: AUS023 | F50: X | H50: 3M2H206361 | I50: 167500001165 | J50: 8004030000000000001268095 | K50: 536364 | L50: 451683 | M50: =+K50-L50 -> 84681
A51: 2010 | B51: 45943 | C51: CAMION -CHEVROLET-NPR | D51: K10204 | E51: GXQ918 | F51: X | H51: 3M2H206363 | I51: 167500001167 | J51: 8004030000000000001268097 | K51: 536364 | L51: 451883 | M51: =+K51-L51 -> 84481
A52: 2013 | B52: 45904 | C52: CAMION CHEVROLET-NPR | D52: K13339 | E52: DIY985 | F52: X | H52: 3M2H206365 | I52: 167500001169 | J52: 8004030000000000002035263 | K52: 536364 | L52: 451883 | M52: =+K52-L52 -> 84481
A53: BIBOM 42 | K53: =SUM(K45:K52) -> 3615599 | L53: =SUM(L45:L52) -> 3063740 | M53: =SUM(M45:M52) -> 551859
A54: MODELO | B54: FECHA DE VENCIMIENTO | C54: TIPO DE VEHICULO | D54: PLACA MILITAR | E54: PLACA CIVIL | F54: PLACA AMARILLA (particular) | G54: PLACA BLANCA (publico) | H54: CENTRO DE COSTO | I54: No. ACTIVO FIJO | J54: No. INVENTARIO | K54: VALOR | M54: EXCEDENTE Y/O FALTANTE
A55: 2012 | B55: 45964 | C55: CAMION CHEVROLET NPR LIVIANO DE 3 A 7 TON. (Estacas), | D55: K12165 | E55: WFF933 | G55: x | H55: 3M2H206367 | I55: 167500001174 | J55: 8004030000000000001931381 | K55: 536364 | L55: 451383 | M55: =+K55-L55 -> 84981
A56: 2011 | B56: 45964 | C56: CARROTANQUE AGUA CHEVROLET FVR | D56: I11121 | E56: VOH350 | G56: x | H56: 3M2H206359 | I56: 167500001172 | J56: 8004030000000000001443989 | K56: 536364 | L56: 451383 | M56: =+K56-L56 -> 84981
A57: 2016 | B57: 45940 | C57: AMBULANCIA NISSAN FRONTIER NP300 | D57: A16006 | E57: EAO081 | F57: x | H57: 3M2H206366 | I57: 167500001175 | J57: 8004030000000000002412023 | K57: 350125 | L57: 300168 | M57: =+K57-L57 -> 49957
A58: 2012 | B58: 45964 | C58: CAMIONETA CHEVROLET LUV DIMAX DOBLE CAB PLATO | D58: C12244 | E58: KGF248 | F58: x | H58: 3M2H206358 | I58: 167500001173 | J58: 8004030000000000001901730 | K58: 350125 | L58: 300168 | M58: =+K58-L58 -> 49957
A59: BITER 14 | K59: =SUM(K55:K58) -> 1772978 | L59: =SUM(L55:L58) -> 1503102 | M59: =SUM(M55:M58) -> 269876
A60: RECURSOS OFICIO No Radicado N° 2025217000786553: MDN-COGFM-COEJC-SECEJ-JEMPP-CEDE4-DIPEL- 29.25
A61: MODELO | B61: FECHA DE VENCIMIENTO | C61: TIPO DE VEHICULO | D61: PLACA MILITAR | E61: PLACA CIVIL | F61: PLACA AMARILLA (particular) | G61: PLACA BLANCA (publico) | H61: CENTRO DE COSTO | I61: No. ACTIVO FIJO | J61: No. INVENTARIO | K61: VALOR | M61: EXCEDENTE Y/O FALTANTE
A62: 2022 | B62: 45948 | C62: MOTOCICLETA XRE 300 ABS | D62: F22454 | E62: ZPW13F | F62: X | H62: 3M2H193291 | I62: 167500001547 | J62: 8004030000000000002880537 | K62: 233529 | L62: 204789 | M62: =+K62-L62 -> 28740
A63: 2022 | B63: 45948 | C63: MOTOCICLETA XRE 300 ABS | D63: F22452 | E63: ZPW14F | F63: X | H63: 3M2H193297 | I63: 167500001545 | J63: 8004030000000000002880498 | K63: 233529 | L63: 204789 | M63: =+K63-L63 -> 28740
A64: 2022 | B64: 45948 | C64: MOTOCICLETA XRE 300 ABS | D64: F22456 | E64: ZPW15F | F64: X | H64: 3M2H193293 | I64: 167500001549 | J64: 8004030000000000002880558 | K64: 233529 | L64: 204789 | M64: =+K64-L64 -> 28740
A65: 2022 | B65: 45948 | C65: MOTOCICLETA XRE 300 ABS | D65: F22455 | E65: ZPW16F | F65: X | H65: 3M2H193292 | I65: 167500001548 | J65: 8004030000000000002880557 | K65: 233529 | L65: 204789 | M65: =+K65-L65 -> 28740
A66: 2022 | B66: 45948 | C66: MOTOCICLETA XRE 300 ABS | D66: F22457 | E66: ZPW17F | F66: X | H66: 3M2H193294 | I66: 167500001550 | J66: 8004030000000000002880559 | K66: 233529 | L66: 204789 | M66: =+K66-L66 -> 28740
A67: 2022 | B67: 45948 | C67: MOTOCICLETA XRE 300 ABS | D67: F22453 | E67: ZPW18F | F67: X | H67: 3M2H193298 | I67: 167500001546 | J67: 8004030000000000002880504 | K67: 233529 | L67: 204789 | M67: =+K67-L67 -> 28740
A68: 2022 | B68: 45948 | C68: MOTOCICLETA XRE 300 ABS | D68: F22458 | E68: ZPW19F | F68: X | H68: 3M2H193295 | I68: 167500001551 | J68: 8004030000000000002880575 | K68: 233529 | L68: 204789 | M68: =+K68-L68 -> 28740
A69: 2022 | B69: 45948 | C69: MOTOCICLETA XRE 300 ABS | D69: F22459 | E69: ZPW20F | F69: X | H69: 3M2H193296 | I69: 167500001552 | J69: 8004030000000000002880578 | K69: 233529 | L69: 204789 | M69: =+K69-L69 -> 28740
A70: BIBAR | K70: =SUM(K62:K69) -> 1868232 | L70: =SUM(L62:L69) -> 1638312 | M70: =SUM(M62:M69) -> 229920
A71: PLAN ANUAL DE ADQUISICIONES VIGENCIA 2025 - LINEA AMARILLA - BLANCA
A72: MODELO | B72: FECHA DE VENCIMIENTO | C72: TIPO DE VEHICULO | D72: PLACA MILITAR | E72: PLACA CIVIL | F72: PLACA AMARILLA (particular) | G72: PLACA BLANCA (publico) | H72: CENTRO DE COSTO | I72: No. ACTIVO FIJO | J72: No. INVENTARIO | K72: VALOR | M72: EXCEDENTE Y/O FALTANTE
A73: 2012 | B73: 45550 | C73: VOLQUETA DOBLE TROQUE | D73: EJC-BR14-FD-00441 | E73: KGF-772 | F73: x | H73: 3M2H206470 | I73: 167500001128 | J73: 8004030000000000001921575 | K73: 505599 | L73: 451883 | M73: =+K73-L73 -> 53716
A74: 2012 | B74: 44638 | C74: VOLQUETA DOBLE TROQUE | D74: EJC-BR14-FD-00452 | E74: KGF-773 | F74: x | H74: 3M2H206467 | I74: 167500001131 | J74: 8004030000000000001921579 | K74: 505599 | L74: 451883 | M74: =+K74-L74 -> 53716
A75: 2012 | B75: 44631 | C75: VOLQUETA DOBLE TROQUE | D75: EJC-BR14-FD-00453 | E75: KGF-774 | F75: x | H75: 3M2H206466 | I75: 167500001132 | J75: 8004030000000000001921580 | K75: 505599 | L75: 451883 | M75: =+K75-L75 -> 53716
A76: 2012 | B76: 45550 | C76: VOLQUETA DOBLE TROQUE | D76: EJC-BR14-FD-00438 | E76: KGF-778 | F76: x | H76: 3M2H206468 | I76: 167500001126 | J76: 8004030000000000001921573 | K76: 505599 | L76: 451883 | M76: =+K76-L76 -> 53716
A77: 2012 | B77: 45550 | C77: VOLQUETA DOBLE TROQUE | D77: EJC-BR14-FD-00439 | E77: KGF-779 | F77: x | H77: 3M2H206469 | I77: 167500001127 | J77: 8004030000000000001921574 | K77: 505599 | L77: 451883 | M77: =+K77-L77 -> 53716
A78: 2012 | B78: 45550 | C78: TRACTO CAMION | D78: EJC-BR14-EF-00079 | E78: WBC-729 | F78: x | H78: 3M2H206460 | I78: 167500001121 | J78: 8004030000000000001921603 | K78: 505599 | L78: 451883 | M78: =+K78-L78 -> 53716
A79: 2012 | B79: 45550 | C79: TRACTO CAMION | D79: EJC-BR14-EF-00077 | E79: WBC-753 | F79: x | H79: 3M2H206495 | I79: 167500001120 | J79: 8004030000000000001921602 | K79: 505599 | L79: 451883 | M79: =+K79-L79 -> 53716
A80: 2012 | B80: 45550 | C80: CARRO TANQUE DE AGUA | D80: EJC-BR14-EA-00029 | E80: WFA382 | F80: x | H80: 3M2H206448 | I80: 167500001107 | J80: 8004030000000000001937733 | K80: 505599 | L80: 451883 | M80: =+K80-L80 -> 53716
A81: 2012 | B81: 45550 | C81: CARRO TANQUE DE COMBUSTIBLE | D81: EJC-BR14-EB-00035 | E81: WFA-390 | F81: x | H81: 3M2H206449 | I81: 167500001108 | J81: 8004030000000000001937745 | K81: 505599 | L81: 451883 | M81: =+K81-L81 -> 53716
A82: 2012 | B82: 45550 | C82: GRUA HIBRAULICO | D82: EJC-BR14-JA-00019 | E82: WBC777 | F82: x | H82: 3M2H206493 | I82: 167500001106 | J82: 8004030000000000001937765 | K82: 505599 | L82: 451883 | M82: =+K82-L82 -> 53716
A83: BICAB 14 | K83: =SUM(K73:K82) -> 5055990 | L83: =SUM(L73:L82) -> 4518830 | M83: =SUM(M73:M82) -> 537160
A84: TOTAL GRUPO 2 PUERTO BERRIO | K84: =K83+K70+K59+K53+K43+K31+K10 -> 27847923 | L84: =L83+L70+L59+L53+L43+L31+L10 -> 23877210 | M84: =M83+M70+M59+M53+M43+M31+M10 -> 3970713

Sheet UND PTO BERRIO
A1: GRUPO PUERTO BERRIO. UNIDADES DE LA DECIMA CUARTA BRIGADA EXCLUIDO BAEEV8
A2: DECIMA CUARTA BRIGADA
A3: BIBAR
A4: MODELO | B4: FECHA DE VENCIMIENTO | C4: TIPO DE VEHICULO | D4: PLACA MILITAR | E4: PLACA CIVIL | F4: PLACA AMARILLA (particular) | G4: PLACA BLANCA (publico) | H4: CENTRO DE COSTO | I4: No. ACTIVO FIJO | J4: No. INVENTARIO
A5: 2001 | B5: 45962 | C5: CAMION KODIAK | D5: N01035 | E5: SHI191 | G5: X | H5: 3M2H193259 | I5: 167500001210 | J5: 8004030000000000001247886
A6: 1997 | B6: 45975 | C6: CAMION CARROTANQUE | D6: I97233 | E6: BIB618 | F6: X | H6: 3M2H193260 | I6: 167500001211 | J6: 8004030000000000001247899
A7: 2003 | B7: 45975 | C7: CAMION KODIAK | D7: N03378 | E7: BNA139 | G7: X | H7: 3M2H193263 | I7: 167500001214 | J7: 8004030000000000001247888
A8: 2009 | B8: 45981 | C8: CAMION NPR | D8: K09208 | E8: ZTV048 | F8: X | H8: 3M2H193264 | I8: 167500001215 | J8: 8004030000000000001247904
A9: 2010 | B9: 45975 | C9: CAMION NPR | D9: K10200 | E9: EJK347 | F9: X | H9: 3M2H193266 | I9: 167500001217 | J9: 8004030000000000001247925
A10: 2010 | B10: 45975 | C10: MOTOCICLETA | D10: F10616 | E10: SQC78B | F10: X | H10: 3M2H193269 | I10: 167500001220 | J10: 8004030000000000001403450
A11: 2016 | B11: 45975 | C11: AMBULANCIA NISSAN | D11: A16007 | E11: EAO082 | F11: X | H11: 3M2H193278 | I11: 167500001229 | J11: 8004030000000000002412029
A12: BASPC 14
A13: MODELO | B13: FECHA DE VENCIMIENTO | C13: TIPO DE VEHICULO | D13: PLACA MILITAR | E13: PLACA CIVIL | F13: PLACA AMARILLA (particular) | G13: PLACA BLANCA (publico) | H13: CENTRO DE COSTO | I13: No. ACTIVO FIJO | J13: No. INVENTARIO
A14: 2003 | B14: 45955 | C14: CAMIÓN LIVIANO DE 3 A 7 TON. (ESTACAS), CHEVROLET NPR | D14: K03380 | E14: CEW017 | F14: x | H14: 3M2H206407 | I14: 167500001073 | J14: 8004030000000000001268048 -
A15: 2009 | B15: 45940 | C15: CAMIÓN LIVIANO DE 3 A 7 TON. (ESTACAS), HYUNDAI HD72 | D15: K09204 | E15: SMK535 | G15: x | H15: 3M2H206411 | I15: 167500001069 | J15: 8004030000000000001268063 -
A16: 2010 | B16: 45940 | C16: CAMIÓN LIVIANO DE 3 A 7 TON. (ESTACAS), CHEVROLET NPR | D16: K10049 | E16: UNK047 | G16: x | H16: 3M2H206413 | I16: 167500001067 | J16: 8004030000000000001268065 -
A17: 2010 | B17: 45940 | C17: CAMIÓN LIVIANO DE 3 A 7 TON. (ESTACAS), CHEVROLET NPR | D17: K10048 | E17: VZR748 | G17: x | H17: 3M2H206412 | I17: 167500001068 | J17: 8004030000000000001268064 -
A18: 2002 | B18: 45966 | C18: CAMIÓN LIVIANO DE 3 A 7 TON. (ESTACAS), CHEVROLET NPR | D18: K02108 | E18: WDF000 | G18: x | H18: 3M2H206404 | I18: 167500001076 | J18: 8004030000000000001268044 -
A19: 2007 | B19: 45936 | C19: CAMIÓN MEDIANO DE 7 A 12 TON. (ESTACAS), CHEVROLET KODIAK | D19: N07211 | E19: EXT122 | F19: x | H19: 3M2H206436 | I19: 167500001044 | J19: 8004030000000000000502052 -
A20: 2007 | B20: 45936 | C20: CAMIÓN MEDIANO DE 7 A 12 TON. (ESTACAS), CHEVROLET KODIAK | D20: N07210 | E20: EXT123 | F20: x | H20: 3M2H206437 | I20: 167500001043 | J20: 8004030000000000000502059 -
A21: 2002 | B21: 45936 | C21: CAMIÓN MEDIANO DE 7 A 12 TON. (ESTACAS), CHEVROLET KODIAK | D21: N02138 | E21: IUA010 | G21: x | H21: 3M2H206406 | I21: 167500001074 | J21: 8004030000000000001268046 -
A22: 2011 | B22: 45939 | C22: CAMIÓN MEDIANO DE 7 A 12 TON. (ESTACAS), CHEVROLET FTR | D22: N11081 | E22: VOH306 | G22: x | H22: 3M2H206417 | I22: 167500001063 | J22: 8004030000000000001443881 -
A23: 2013 | B23: 45935 | C23: CAMIONETA CHEVROLET LUV DMAX | D23: C13661 | E23: DIW726 | F23: x | H23: 3M2H206418 | I23: 167500001062 | J23: 8004030000000000002005728 -
A24: 2013 | B24: 45935 | C24: CAMIONETA, CHEVROLET LUV DMAX | D24: C13660 | E24: DIW727 | F24: x | H24: 3M2H206419 | I24: 167500001061 | J24: 8004030000000000002005729 -
A25: 2014 | B25: 45935 | C25: CAMIÓN LIVIANO DE 3 A 7 TON. (ESTACAS), CHEVROLET NPR | D25: K14861 | E25: GAL061 | F25: x | H25: 3M2H206421 | I25: 167500001059 | J25: 8004030000000000002168706 -
A26: 2004 | B26: 45975 | C26: CAMPERO TOYOTA PRADO VXA | D26: D04093 | E26: FDY096 | F26: x | H26: 3M2H206434 | I26: 167500001046 | J26: 8004030000000000002466483 -
A27: 2012 | B27: 45937 | C27: CAMIONETA CHEVROLET LUV DMAX | D27: C15659 | E27: GAW066 | F27: x | H27: 3M2H206426 | I27: 167500001054 | J27: 8004030000000000002384769 -
A28: 2013 | B28: 45948 | C28: MOTOCICLETA, YAMAHA YBR125DX | D28: F13743 | E28: NGD91C | F28: x | H28: 3M2H206423 | I28: 167500001057 | J28: 8004030000000000002267134 -
A29: 2010 | B29: 45924 | C29: AMBULANCIA CHEVROLET LUV DIMAX | D29: A10470 | E29: DOE308 | F29: x | H29: 3M2H206364 | I29: 167500001168 | J29: 8004030000000000001443783 -
A30: 2010 | B30: 45986 | C30: CAMIONETA SUZUKI GRAND VITARA | D30: C10492 | E30: DOE343 | F30: x | H30: 3M2H206416 | I30: 167500001064 | J30: 8004030000000000001443810 -
A31: 2008 | B31: 45953 | C31: CAMIÓN LIVIANO DE 3 A 7 TON. (ESTACAS), CHEVROLET NPR | D31: K08184 | E31: VZD017 | G31: x | H31: 3M2H206414 | I31: 167500000060 | J31: 8004030000000000001268066
A32: 2010 | B32: 45944 | C32: VOLQUETA 10 MTS, CHEVROLET FTR | D32: R10339 | E32: XYD117 | G32: x | H32: 3M2H206415 | I32: 167500001065 | J32: 8004030000000000001268069
A33: BICAB 14
A34: MODELO | B34: FECHA DE VENCIMIENTO | C34: TIPO DE VEHICULO | D34: PLACA MILITAR | E34: PLACA CIVIL | F34: PLACA AMARILLA (particular) | G34: PLACA BLANCA (publico) | H34: CENTRO DE COSTO | I34: No. ACTIVO FIJO | J34: No. INVENTARIO
A35: 2003 | B35: 45962 | C35: CAMION | D35: K03366 | E35: BVM054 | F35: X | H35: 3M2H206379 | I35: 167500001145 | J35: 8004030000000000001268080
A36: 2003 | B36: 45982 | C36: CAMION | D36: N03376 | E36: EJE027 | F36: X | H36: 3M2H206377 | I36: 167500001143 | J36: 8004030000000000001268078
A37: 2007 | B37: 45981 | C37: CAMIONETA | D37: A07271 | E37: IBZ419 | F37: X | H37: 3M2H206381 | I37: 167500001147 | J37: 8004030000000000001268102
A38: 2014 | B38: VENCIDA | C38: MOTOCICLETA | D38: F14221 | E38: NGF45C | F38: X | H38: 3M2H206498 | I38: 167500001608 | J38: 8004030000000000002248022
A39: 2015 | B39: 45982 | C39: MOTOCICLETA | D39: F15791 | E39: RRH22D | F39: X | H39: 3M2H206424 | I39: 167500001283 | J39: 8004030000000000002384761
A40: 2015 | B40: VENCIDA | C40: MOTOCICLETA | D40: F15669 | E40: RRK95D | F40: X | H40: 3M2H206499 | I40: 167500001609 | J40: 8004030000000000002393590
A41: 2016 | B41: VENCIDA | C41: MOTOCICLETA | D41: F16213 | E41: RTC58D | F41: X | H41: 3M2H206393 | I41: 167500001159 | J41: 8004030000000000002439319
A42: 2003 | B42: 45982 | C42: CAMION | D42: K03367 | E42: SHI475 | G42: X | H42: 3M2H206378 | I42: 167500001144 | J42: 8004030000000000001268079
A43: 2008 | B43: 45890 | C43: CAMION | D43: N08032 | E43: UIP118 | G43: X | H43: 3M2H206383 | I43: 167500001149 | J43: 8004030000000000001268104
A44: 2008 | B44: 45988 | C44: CAMION | D44: N08031 | E44: VCF144 | G44: X | H44: 3M2H206382 | I44: 167500001148 | J44: 8004030000000000001268103
A45: BIBOM 42
A46: MODELO | B46: FECHA DE VENCIMIENTO | C46: TIPO DE VEHICULO | D46: PLACA MILITAR | E46: PLACA CIVIL | F46: PLACA AMARILLA (particular) | G46: PLACA BLANCA (publico) | H46: CENTRO DE COSTO | I46: No. ACTIVO FIJO | J46: No. INVENTARIO
A47: 2015 | B47: 45936 | C47: MOTOCICLETA-AKT-AK125 BR | D47: F-15819 | E47: JQV39C | F47: X | H47: 3M2H206367 | I47: 167500001171 | J47: 8004030000000000002349348
A48: 2003 | B48: 45955 | C48: CAMION- CHEVROLET-KODIAK | D48: N03377 | E48: BNA136 | F48: X | H48: 3M2H206359 | I48: 167500001163 | J48: 8004030000000000001268093
A49: 2013 | B49: 45961 | C49: CAMIONETA-CHEVROLET-LUV D MAX 3.0L | D49: C13516 | E49: DIW863 | F49: X | H49: 3M2H206366 | I49: 167500001170 | J49: 8004030000000000002113318
A50: 2009 | B50: 45983 | C50: CAMIONETA- CHEVROLET-LUV DIMAX | D50: C09084 | E50: MRY078 | F50: X | H50: 3M2H206358 | I50: 167500001162 | J50: 8004030000000000001268062
A51: 2003 | B51: 45911 | C51: CAMION- CHEVROLET-NPR | D51: K03361 | E51: SHI471 | G51: X | H51: 3M2H206360 | I51: 167500001164 | J51: 8004030000000000001268094
A52: 2003 | B52: 45928 | C52: CAMION-CHEVROLET-NPR | D52: K03360 | E52: AUS023 | F52: X | H52: 3M2H206361 | I52: 167500001165 | J52: 8004030000000000001268095
A53: 2010 | B53: 45943 | C53: CAMION -CHEVROLET-NPR | D53: K10204 | E53: GXQ918 | F53: X | H53: 3M2H206363 | I53: 167500001167 | J53: 8004030000000000001268097
A54: 2013 | B54: 45904 | C54: CAMION CHEVROLET-NPR | D54: K13339 | E54: DIY985 | F54: X | H54: 3M2H206365 | I54: 167500001169 | J54: 8004030000000000002035263
A55: BITER 14
A56: MODELO | B56: FECHA DE VENCIMIENTO | C56: TIPO DE VEHICULO | D56: PLACA MILITAR | E56: PLACA CIVIL | F56: PLACA AMARILLA (particular) | G56: PLACA BLANCA (publico) | H56: CENTRO DE COSTO | I56: No. ACTIVO FIJO | J56: No. INVENTARIO
A57: 2012 | B57: 45964 | C57: CAMION CHEVROLET NPR LIVIANO DE 3 A 7 TON. (Estacas), | D57: K12165 | E57: WFF933 | G57: x | H57: 3M2H206367 | I57: 167500001174 | J57: 8004030000000000001931381
A58: 2011 | B58: 45964 | C58: CARROTANQUE AGUA CHEVROLET FVR | D58: I11121 | E58: VOH350 | G58: x | H58: 3M2H206359 | I58: 167500001172 | J58: 8004030000000000001443989
A59: 2016 | B59: 45940 | C59: AMBULANCIA NISSAN FRONTIER NP300 | D59: A16006 | E59: EAO081 | F59: x | H59: 3M2H206366 | I59: 167500001175 | J59: 8004030000000000002412023
A60: 2012 | B60: 45964 | C60: CAMIONETA CHEVROLET LUV DIMAX DOBLE CAB PLATO | D60: C12244 | E60: KGF248 | F60: x | H60: 3M2H206358 | I60: 167500001173 | J60: 8004030000000000001901730
A61: RECURSOS OFICIO No Radicado N° 2025217000786553: MDN-COGFM-COEJC-SECEJ-JEMPP-CEDE4-DIPEL-29.25
A62: BIBAR
A63: MODELO | B63: FECHA DE VENCIMIENTO | C63: TIPO DE VEHICULO | D63: PLACA MILITAR | E63: PLACA CIVIL | F63: PLACA AMARILLA (particular) | G63: PLACA BLANCA (publico) | H63: CENTRO DE COSTO | I63: No. ACTIVO FIJO | J63: No. INVENTARIO
A64: 2022 | B64: 45948 | C64: MOTOCICLETA XRE 300 ABS | D64: F22454 | E64: ZPW13F | F64: X | H64: 3M2H193291 | I64: 167500001547 | J64: 8004030000000000002880537
A65: 2022 | B65: 45948 | C65: MOTOCICLETA XRE 300 ABS | D65: F22452 | E65: ZPW14F | F65: X | H65: 3M2H193297 | I65: 167500001545 | J65: 8004030000000000002880498
A66: 2022 | B66: 45948 | C66: MOTOCICLETA XRE 300 ABS | D66: F22456 | E66: ZPW15F | F66: X | H66: 3M2H193293 | I66: 167500001549 | J66: 8004030000000000002880558
A67: 2022 | B67: 45948 | C67: MOTOCICLETA XRE 300 ABS | D67: F22455 | E67: ZPW16F | F67: X | H67: 3M2H193292 | I67: 167500001548 | J67: 8004030000000000002880557
A68: 2022 | B68: 45948 | C68: MOTOCICLETA XRE 300 ABS | D68: F22457 | E68: ZPW17F | F68: X | H68: 3M2H193294 | I68: 167500001550 | J68: 8004030000000000002880559
A69: 2022 | B69: 45948 | C69: MOTOCICLETA XRE 300 ABS | D69: F22453 | E69: ZPW18F | F69: X | H69: 3M2H193298 | I69: 167500001546 | J69: 8004030000000000002880504
A70: 2022 | B70: 45948 | C70: MOTOCICLETA XRE 300 ABS | D70: F22458 | E70: ZPW19F | F70: X | H70: 3M2H193295 | I70: 167500001551 | J70: 8004030000000000002880575
A71: 2022 | B71: 45948 | C71: MOTOCICLETA XRE 300 ABS | D71: F22459 | E71: ZPW20F | F71: X | H71: 3M2H193296 | I71: 167500001552 | J71: 8004030000000000002880578
A72: PLAN ANUAL DE ADQUISICIONES VIGENCIA 2025 - LINEA AMARILLA – BLANCA
A73: BICAB 14
A74: MODELO | B74: FECHA DE VENCIMIENTO | C74: TIPO DE VEHICULO | D74: PLACA MILITAR | E74: PLACA CIVIL | F74: PLACA AMARILLA (particular) | G74: PLACA BLANCA (publico) | H74: CENTRO DE COSTO | I74: No. ACTIVO FIJO | J74: No. INVENTARIO
A75: 2012 | B75: 45550 | C75: VOLQUETA DOBLE TROQUE | D75: EJC-BR14-FD-00441 | E75: KGF-772 | F75: x | H75: 3M2H206470 | I75: 167500001128 | J75: 8004030000000000001921575
A76: 2012 | B76: 44638 | C76: VOLQUETA DOBLE TROQUE | D76: EJC-BR14-FD-00452 | E76: KGF-773 | F76: x | H76: 3M2H206467 | I76: 167500001131 | J76: 8004030000000000001921579
A77: 2012 | B77: 44631 | C77: VOLQUETA DOBLE TROQUE | D77: EJC-BR14-FD-00453 | E77: KGF-774 | F77: x | H77: 3M2H206466 | I77: 167500001132 | J77: 8004030000000000001921580
A78: 2012 | B78: 45550 | C78: VOLQUETA DOBLE TROQUE | D78: EJC-BR14-FD-00438 | E78: KGF-778 | F78: x | H78: 3M2H206468 | I78: 167500001126 | J78: 8004030000000000001921573
A79: 2012 | B79: 45550 | C79: VOLQUETA DOBLE TROQUE | D79: EJC-BR14-FD-00439 | E79: KGF-779 | F79: x | H79: 3M2H206469 | I79: 167500001127 | J79: 8004030000000000001921574
A80: 2012 | B80: 45550 | C80: TRACTO CAMION | D80: EJC-BR14-EF-00079 | E80: WBC-729 | F80: x | H80: 3M2H206460 | I80: 167500001121 | J80: 8004030000000000001921603
A81: 2012 | B81: 45550 | C81: TRACTO CAMION | D81: EJC-BR14-EF-00077 | E81: WBC-753 | F81: x | H81: 3M2H206495 | I81: 167500001120 | J81: 8004030000000000001921602
A82: 2012 | B82: 45550 | C82: CARRO TANQUE DE AGUA | D82: EJC-BR14-EA-00029 | E82: WFA382 | F82: x | H82: 3M2H206448 | I82: 167500001107 | J82: 8004030000000000001937733
A83: 2012 | B83: 45550 | C83: CARRO TANQUE DE COMBUSTIBLE | D83: EJC-BR14-EB-00035 | E83: WFA-390 | F83: x | H83: 3M2H206449 | I83: 167500001108 | J83: 8004030000000000001937745
A84: 2012 | B84: 45550 | C84: GRUA HIBRAULICO | D84: EJC-BR14-JA-00019 | E84: WBC777 | F84: x | H84: 3M2H206493 | I84: 167500001106 | J84: 8004030000000000001937765

Sheet PTO CANT MIN DEL PROCESO
A1: GRUPO MEDELLIN: UNIDADES DE LA CUARTA BRIGADA (BR04), BAEEV8 Y UNIDADES INDEPENDIENTES | H1: GRUPO PUERTO BERRIO. UNIDADES DE LA DECIMA CUARTA BRIGADA EXCLUIDO BAEEV8
A2: PARTIDAS FIJAS TECNOMECANICA TRANSPORTE | H2: PARTIDAS FIJAS TECNOMECANICA TRANSPORTE
A3: BR | B3: NOMBRE UNIDAD | C3: REC | D3: DESCRIPCIÓN DEL RUBRO | E3: UNIDAD | F3: PRESUPUESTO ASIGNADO | H3: BR | I3: NOMBRE UNIDAD | J3: REC | K3: DESCRIPCIÓN DEL RUBRO | L3: UNIDAD | M3: VALOR POR ARTÍCULO PRESUPUESTAL
A4: CENTRALIZADAS BR 4 | B4: BATALLÓN ESPECIAL, ENERGETICO Y VIAL N|°4 "BG JAIME POLANIA PUYO" | C4: 10 CSF | D4: OTROS SERVICIOS PROFESIONALES, CIENTÍFICOS Y TÉCNICOS (SERVICIOS DE ENSAYO Y ANALISIS TECNICOS ) | E4: BAEEV4 | F4: 5903599 | H4: BR14 | I4: BATALLÓN DE A.S.P.C. No.14 "CACIQUE PIPATON" | J4: 10 CSF | K4: OTROS SERVICIOS PROFESIONALES, CIENTÍFICOS Y TÉCNICOS (SERVICIOS DE ENSAYO Y ANALISIS TECNICOS ) | L4: BAS14 | M4: 8770647
B5: BATALLÓN DE ARTILLERÍA No.4 " CR. JORGE EDUARDO SANCHEZ RODRIGUEZ" | E5: BAACA4 | F5: 8351553 | I5: BATALLÓN DE INFANTERÍA No.3 "BATALLA DE BARBULA" | L5: BIBAR | M5: 3265474
B6: BATALLÓN DE INFANTERÍA No.10 "CR. ATANASIO GIRARDOT" | E6: BIGIR | F6: 3896418 | I6: BATALLÓN DE INFANTERÍA No.42 "BATALLA DE BOMBONÁ" | L6: BIBOM | M6: 3615599
B7: BATALLÓN DE INGENIEROS No.4 " GR. PEDRO NEL OSPINA" | E7: BIOSP | F7: 3732195 | I7: BATALLÓN DE INGENIEROS No.14 "BATALLA DE CALIBIO" | L7: BICAB | M7: 3966061
B8: BATALLÓN DE INFANTERÍA No.32 "GR. PEDRO JUSTO BERRIO" | E8: BIPEB | F8: 3057556 | I8: BATALLÓN DE INSTRUCCIÓN, ENTRENAMIENTO Y REENTRENAMIENTO No.14 “JOSÉ ANTONIO CHAVARRÍA” | L8: BITER14 | M8: 1772978
B9: GRUPO DE ACCIÓN UNIFICADA PARA LA LIBERACIÓN PERSONAL RIONEGRO | E9: GGRIO | F9: 1401174 | H9: TOTAL PARTIDAS FIJAS TECNOMECANICA TRANSPORTE | M9: =SUM(M4:M8) -> 21390759
B10: GRUPO DE ACCIÓN UNIFICADA PARA LA LIBERACIÓN PERSONAL ANTIOQUIA | E10: GGANT | F10: 700250 | H10: RECURSOS OFICIO No Radicado N° 2025217000786553: MDN-COGFM-COEJC-SECEJ-JEMPP-CEDE4-DIPEL-
B11: BATALLÓN DE INSTRUCCIÓN, ENTRENAMIENTO Y REENTRENAMIENTO No.4 “FRAY MARIANO GARNICA Y ORJUELA” | E11: BITER4 | F11: 1772978 | H11: BATALLÓN DE INFANTERÍA No.3 "BATALLA DE BARBULA" | J11: 10 CSF | K11: OTROS SERVICIOS PROFESIONALES, CIENTÍFICOS Y TÉCNICOS (SERVICIOS DE ENSAYO Y ANALISIS TECNICOS ) | L11: BIBAR | M11: 1868232
B12: BATALLÓN DE A.S.P.C. No.4 "YARIGUIES" | E12: BASPC-04 | F12: 11710933 | H12: TOTAL RECURSOS OFICIO No Radicado N° 2025217000786553: MDN-COGFM-COEJC-SECEJ-JEMPP-CEDE4-DIPEL- | M12: =SUM(M11) -> 1868232
B13: BATALLÓN DE INFANTERÍA No.11 "CACIQUE NUTIBARA" | E13: BINUT | F13: 9523130 | H13: TECNOMECANICA LINEA AMARILLA - BLANCA Plan Anual de Adquisiciones vigencia 2025
B14: GRUPO DE CABALLERÍA MECANIZADO No. 4 "JUAN DEL CORRAL" | E14: GMCOR | F14: 5038789 | H14: BATALLÓN DE INGENIEROS No.14 "BATALLA DE CALIBIO" | J14: 10 CSF | K14: OTROS SERVICIOS PROFESIONALES, CIENTÍFICOS Y TÉCNICOS (SERVICIOS DE ENSAYO Y ANALISIS TECNICOS ) | L14: BICAB | M14: 5343010
A15: BR 14 | B15: BATALLÓN ESPECIAL, ENERGÉTICO Y VIAL No.8 "MY. MARIO SERPA CUESTO" | E15: BAEEV8 | F15: 5950552 | H15: TOTAL LINEA AMARILLA - BLANCA | M15: =SUM(M14) -> 5343010
A16: INDEPENDIENTES | B16: BATALLÓN DE INGENIEROS DE DESMINADO HUMANITARIO N° 7 “CORONEL GABINO GUTIÉRREZ” | E16: BIDEH7 | F16: 4807507 | H16: TOTAL PRESUPUESTO GRUPO PUERTO BERRIO | M16: =M15+M12+M9 -> 28602001
B17: BATALLÓN DE MOVILIDAD Y MANIOBRA DE AVIACIÓN No.7 “Teniente EDUARDO MORALES SAAVEDRA”. | E17: BMMA7 | F17: 2845706 | M17: =M16+#REF! -> #REF!
B18: BATALLÓN DE APOYO DE ACCIÓN INTEGRAL Y DESARROLLO No. 7 | E18: BAAID7 | F18: 2495581
B19: BATALLÓN DE FUERZAS ESPECIALES URBANAS No. 7 | E19: BAFUR7 | F19: 14656499
B20: ESTABLECIMIENTO PENITENCIARIO Y CARCELARIO EN EL BATALLÓN DE INGENIEROS No. 04 "Gn. PEDRO NEL OSPINA" | E20: EJEBE | F20: 1936864
B21: FUERZA DE DESPLIEGUE CONTRA AMENAZAS TRANSNACIONALES | E21: FUDAT | F21: 1586739
B22: ZONA 4 | E22: ZONA4 | F22: 700250
B23: GRUPO MARTE DIVISIONARIO N° 7 | E23: GMD07 | F23: 536364
A24: TOTAL PARTIDAS FIJAS TECNOMECANICA TRANSPORTE | F24: =SUM(F4:F23) -> 90604637
A25: TECNOMECANICA TRANSPORTE Plan Anual de Adquisiciones vigencia 2025
A26: GRUPO DE ACCIÓN UNIFICADA PARA LA LIBERACIÓN PERSONAL ANTIOQUIA | C26: 10 CSF | D26: OTROS SERVICIOS PROFESIONALES, CIENTÍFICOS Y TÉCNICOS (SERVICIOS DE ENSAYO Y ANALISIS TECNICOS ) | E26: GGANT | F26: 2812497
A27: GRUPO DE ACCIÓN UNIFICADA PARA LA LIBERACIÓN PERSONAL RIONEGRO | E27: GGORI | F27: 3893543
A28: TOTAL TECNOMECANICA TRANSPORTE Plan Anual de Adquisiciones vigencia 2025 | F28: =SUM(F26:F27) -> 6706040
A29: RECURSOS OFICIO No Radicado N° 2025217000786553: MDN-COGFM-COEJC-SECEJ-JEMPP-CEDE4-DIPEL-
A30: BATALLÓN ESPECIAL, ENERGETICO Y VIAL N|°4 "BG JAIME POLANIA PUYO" | C30: 10 CSF | D30: OTROS SERVICIOS PROFESIONALES, CIENTÍFICOS Y TÉCNICOS (SERVICIOS DE ENSAYO Y ANALISIS TECNICOS ) | E30: BAEEV4 | F30: 1167645
A31: BATALLÓN DE ARTILLERÍA No.4 " CR. JORGE EDUARDO SANCHEZ RODRIGUEZ" | E31: BAACA4 | F31: 2802348
A32: BATALLÓN DE INFANTERÍA No.10 "CR. ATANASIO GIRARDOT" | E32: BIGIR | F32: 3969993
A33: BATALLÓN DE INFANTERÍA No.32 "GR. PEDRO JUSTO BERRIO" | E33: BIPEB | F33: 2568819
A34: BATALLÓN DE A.S.P.C. No.4 "YARIGUIES" | E34: BASPC-04 | F34: 1401174
A35: GRUPO DE CABALLERÍA MECANIZADO No. 4 "JUAN DEL CORRAL" | E35: GMCOR | F35: 1634703
A36: BATALLÓN ESPECIAL, ENERGÉTICO Y VIAL No.8 "MY. MARIO SERPA CUESTO" | E36: BAEEV8 | F36: 3269406
A37: TOTAL RECURSOS OFICIO No Radicado N° 2025217000786553: MDN-COGFM-COEJC-SECEJ-JEMPP-CEDE4-DIPEL- | F37: =SUM(F30:F36) -> 16814088
A38: TECNOMECANICA LINEA AMARILLA - BLANCA Plan Anual de Adquisiciones vigencia 2025
A39: BATALLÓN DE INGENIEROS DE DESMINADO HUMANITARIO N° 7 “CORONEL GABINO GUTIÉRREZ” | C39: 10 CSF | D39: OTROS SERVICIOS PROFESIONALES, CIENTÍFICOS Y TÉCNICOS (SERVICIOS DE ENSAYO Y ANALISIS TECNICOS ) | E39: BIDEH7 | F39: 3601262
A40: BATALLÓN DE INGENIEROS No.4 " GR. PEDRO NEL OSPINA" | E40: BIOSP | F40: 5873111
A41: TOTAL LINEA AMARILLA - BLANCA | F41: =SUM(F39:F40) -> 9474373
A42: TOTAL PRESUPUESTO GRUPO UNO | F42: =F41+F37+F28+F24 -> 123599138

Sheet DISTRIBUCION PTO
A2: ARTICULO PRESUPUESTAL (SIIF NACIÓN) | D2: RECURSO | E2: DESCRIPCIÓN DEL RUBRO | J2: UNIDAD BENEFICIADA | L2: PRESUPUESTO TOTAL ASIGNADO | M2: VALOR TOTAL A CONTRATAR | N2: SOBRANTE TOTAL PRESUPUESTAL
A3: A-02-02-02-008-003 | D3: 10 CSF | E3: OTROS SERVICIOS PROFESIONALES, CIENTÍFICOS Y TÉCNICOS (SERVICIOS DE ENSAYO Y ANALISIS TECNICOS ) | J3: UNIDADES CENTRALIZADAS ADMINISTRATIVAMENTE POR LA CENACMED | L3: =+L33+L38+L49+L56 -> 149888804 | M3: =+M33+M38+M49+M56 -> 127640134 | N3: =+N33+N38+N49+N56 -> 22096855
A5: PARTIDAS FIJAS TECNOMECANICA TRANSPORTE
A6: BR | B6: NOMBRE UNIDAD | E6: REC | F6: DESCRIPCIÓN DEL RUBRO | K6: UNIDAD | L6: PRESUPUESTO TOTAL ASIGNADO | M6: VALOR TOTAL A CONTRATAR | N6: SOBRANTE PRESUPUESTAL | P6: OAPF-2025 | Q6: REDUCCION | R6: RADICADO
A7: CENTRALIZADAS BR 4 | B7: BATALLÓN ESPECIAL, ENERGETICO Y VIAL N|°4 "BG JAIME POLANIA PUYO" | E7: 10 CSF | F7: OTROS SERVICIOS PROFESIONALES, CIENTÍFICOS Y TÉCNICOS (SERVICIOS DE ENSAYO Y ANALISIS TECNICOS ) | K7: BAEEV4 | L7: 5903599 | M7: =+'GRUPO UNO'!L21 -> 5057256 | N7: =L7-M7 -> 846343 | P7: 5903599 | Q7: =+P7-L7 -> 0
B8: BATALLÓN DE ARTILLERÍA No.4 " CR. JORGE EDUARDO SANCHEZ RODRIGUEZ" | K8: BAACA4 | L8: 8351553 | M8: =+'GRUPO UNO'!L43 -> 7099051 | N8: =L8-M8 -> 1252502 | P8: 8887917 | Q8: =+P8-L8 -> 536364 | R8: Oficio R N° 2025451001548803
B9: BATALLÓN DE INFANTERÍA No.10 "CR. ATANASIO GIRARDOT" | K9: BIGIR | L9: 3896418 | M9: =+'GRUPO UNO'!L55 -> 3320803 | N9: =L9-M9 -> 575615 | P9: 3896418 | Q9: =+P9-L9 -> 0
B10: BATALLÓN DE INGENIEROS No.4 " GR. PEDRO NEL OSPINA" | K10: BIOSP | L10: 3732195 | M10: =+'GRUPO UNO'!L65 -> 2719997 | N10: ES USADO LINEA BLANCA Y AMARILLA | P10: 3732195 | Q10: =+P10-L10 -> 0
B11: BATALLÓN DE INFANTERÍA No.32 "GR. PEDRO JUSTO BERRIO" | K11: BIPEB | L11: 3057556 | M11: =+'GRUPO UNO'!L77 -> 2636757 | N11: =L11-M11 -> 420799 | P11: 3593920 | Q11: =+P11-L11 -> 536364 | R11: Oficio R N° 2025452005102243
B12: GRUPO DE ACCIÓN UNIFICADA PARA LA LIBERACIÓN PERSONAL RIONEGRO | K12: GGRIO | L12: 1401174 | M12: =+'GRUPO UNO'!L85 -> 1230534 | N12: =L12-M12 -> 170640 | P12: 1401174 | Q12: =+P12-L12 -> 0
B13: GRUPO DE ACCIÓN UNIFICADA PARA LA LIBERACIÓN PERSONAL ANTIOQUIA | K13: GGANT | L13: 700250 | M13: =+'GRUPO UNO'!L89 -> 600336 | N13: =L13-M13 -> 99914 | P13: 700250 | Q13: =+P13-L13 -> 0
B14: BATALLÓN DE INSTRUCCIÓN, ENTRENAMIENTO Y REENTRENAMIENTO No.4 “FRAY MARIANO GARNICA Y ORJUELA” | K14: BITER4 | L14: 1772978 | M14: =+'GRUPO UNO'!L95 -> 1504102 | N14: =L14-M14 -> 268876 | P14: 1772978 | Q14: =+P14-L14 -> 0
B15: BATALLÓN DE A.S.P.C. No.4 "YARIGUIES" | K15: BASPC-04 | L15: 11710933 | M15: =+'GRUPO UNO'!L124 -> 9037605 | N15: =L15-M15 -> 2673328 | P15: 15654304 | Q15: =+P15-L15 -> 3943371 | R15: Oficio R N° 2025644002836093
B16: BATALLÓN DE INFANTERÍA No.11 "CACIQUE NUTIBARA" | K16: BINUT | L16: 9523130 | M16: =+'GRUPO UNO'!L158 -> 7718813 | N16: =L16-M16 -> 1804317 | P16: 14237068 | Q16: =+P16-L16 -> 4713938 | R16: Oficio R N° 2025488001519323 | S16: 3944045 | T16: =+S16-Q16 -> -769893
B17: GRUPO DE CABALLERÍA MECANIZADO No. 4 "JUAN DEL CORRAL" | K17: GMCOR | L17: 5038789 | M17: =+'GRUPO UNO'!L172 -> 4280005 | N17: =L17-M17 -> 758784 | P17: 5038789 | Q17: =+P17-L17 -> 0
A18: BR14 | B18: BATALLÓN ESPECIAL, ENERGÉTICO Y VIAL No.8 "MY. MARIO SERPA CUESTO" | K18: BAEEV8 | L18: 5950552 | M18: =+'GRUPO UNO'!L192 -> 4484132 | N18: =L18-M18 -> 1466420 | P18: 7304099 | Q18: =+P18-L18 -> 1353547 | R18: Oficio R N° 0885
B19: BATALLÓN DE A.S.P.C. No.14 "CACIQUE PIPATON" | K19: BAS14 | L19: 8770647 | M19: =+'GRUPO DOS'!L31 -> 7423193 | N19: =L19-M19 -> 1347454 | P19: 9890665 | Q19: =+P19-L19 -> 1120018 | R19: Oficio R N° 2025990002983703
B20: BATALLÓN DE INFANTERÍA No.3 "BATALLA DE BARBULA" | K20: BIBAR | L20: 3265474 | M20: =+'GRUPO DOS'!L10 -> 2763072 | N20: =L20-M20 -> 502402 | P20: 5319608 | Q20: =+P20-L20 -> 2054134 | R20: Oficio R N° 2025992002805183
B21: BATALLÓN DE INFANTERÍA No.42 "BATALLA DE BOMBONÁ" | K21: BIBOM | L21: 3615599 | M21: =+'GRUPO DOS'!L53 -> 3063740 | N21: =L21-M21 -> 551859 | P21: 3615599 | Q21: =+P21-L21 -> 0
B22: BATALLÓN DE INGENIEROS No.14 "BATALLA DE CALIBIO" | K22: BICAB | L22: 3966061 | M22: =+'GRUPO DOS'!L43 -> 2966961 | N22: =L22-M22 -> 999100 | P22: 6625865 | Q22: =+P22-L22 -> 2659804 | R22: Oficio R N° 202553700024311
B23: BATALLÓN DE INSTRUCCIÓN, ENTRENAMIENTO Y REENTRENAMIENTO No.14 “JOSÉ ANTONIO CHAVARRÍA” | K23: BITER14 | L23: 1772978 | M23: =+'GRUPO DOS'!L59 -> 1503102 | N23: =L23-M23 -> 269876 | P23: 1772978 | Q23: =+P23-L23 -> 0
A24: INDEPENDIENTES | B24: BATALLÓN DE INGENIEROS DE DESMINADO HUMANITARIO N° 7 “CORONEL GABINO GUTIÉRREZ” | K24: BIDEH7 | L24: 4807507 | M24: =+'GRUPO UNO'!L208 -> 4108335 | N24: =L24-M24 -> 699172 | P24: 4807507 | Q24: =+P24-L24 -> 0
B25: BATALLÓN DE INGENIEROS DE DESMINADO HUMANITARIO N° 7 “CORONEL GABINO GUTIÉRREZ” ADICION No. 1 | K25: BIDEH7 | M25: =+'REDUCCION Y ADICION'!K32 -> 285507
B26: BATALLÓN DE MOVILIDAD Y MANIOBRA DE AVIACIÓN No.7 “Teniente EDUARDO MORALES SAAVEDRA”. | K26: BMMA7 | L26: 2845706 | M26: =+'GRUPO UNO'!L219 -> 2407468 | N26: =L26-M26 -> 438238 | P26: 2845706 | Q26: =+P26-L26 -> 0
B27: BATALLÓN DE APOYO DE ACCIÓN INTEGRAL Y DESARROLLO No. 7 | K27: BAAID7 | L27: 2495581 | M27: =+'GRUPO UNO'!L226 -> 2106200 | N27: =L27-M27 -> 389381 | P27: 2495581 | Q27: =+P27-L27 -> 0
B28: BATALLÓN DE FUERZAS ESPECIALES URBANAS No. 7 | K28: BAFUR7 | L28: 14656499 | M28: =+'GRUPO UNO'!L274 -> 12623423 | N28: =L28-M28 -> 2033076 | P28: 14656499 | Q28: =+P28-L28 -> 0
B29: ESTABLECIMIENTO PENITENCIARIO Y CARCELARIO EN EL BATALLÓN DE INGENIEROS No. 04 "Gn. PEDRO NEL OSPINA" | K29: EJEBE | L29: 1936864 | M29: =+'GRUPO UNO'!L281 -> 1652555 | N29: =L29-M29 -> 284309 | P29: 1936864 | Q29: =+P29-L29 -> 0
B30: FUERZA DE DESPLIEGUE CONTRA AMENAZAS TRANSNACIONALES | K30: FUDAT | L30: 1586739 | M30: =+'GRUPO UNO'!L287 -> 1352087 | N30: =L30-M30 -> 234652 | P30: 1586739 | Q30: =+P30-L30 -> 0
B31: ZONA 4 | K31: ZONA4 | L31: 700250 | M31: =+'GRUPO UNO'!L291 -> 600036 | N31: =L31-M31 -> 100214 | P31: 700250 | Q31: =+P31-L31 -> 0
B32: GRUPO MARTE DIVISIONARIO N° 7 | K32: GMD07 | L32: 536364 | M32: =+'GRUPO UNO'!L211 -> 451683 | N32: =L32-M32 -> 84681 | P32: 536364 | Q32: =+P32-L32 -> 0
A33: TOTAL | L33: =SUM(L7:L32) -> 111995396 | M33: =SUM(M7:M32) -> 92996753 | N33: =SUM(N7:N32) -> 18271952 | P33: =SUM(P7:P32) -> 128912936 | Q33: =+P33-L33 -> 16917540 | R33: =+L33+Q33 -> 128912936
P34: BR14
A35: TECNOMECANICA TRANSPORTE Plan Anual de Adquisiciones vigencia 2025
A36: GRUPO DE ACCIÓN UNIFICADA PARA LA LIBERACIÓN PERSONAL ANTIOQUIA | E36: 10 CSF | F36: OTROS SERVICIOS PROFESIONALES, CIENTÍFICOS Y TÉCNICOS (SERVICIOS DE ENSAYO Y ANALISIS TECNICOS ) | K36: GGANT | L36: 2563398 | M36: =+'GRUPO UNO'!L312 -> 2403306 | N36: =L36-M36 -> 160092
A37: GRUPO DE ACCIÓN UNIFICADA PARA LA LIBERACIÓN PERSONAL RIONEGRO | K37: GGORI | L37: 3566900 | M37: =+'GRUPO UNO'!L303 -> 3306672 | N37: =L37-M37 -> 260228
A38: TOTAL | L38: =+L37+L36 -> 6130298 | M38: =SUM(M36:M37) -> 5709978 | N38: =SUM(N36:N37) -> 420320 | R38: =+L38 -> 6130298
A40: RECURSOS OFICIO No Radicado N° 2025217000786553: MDN-COGFM-COEJC-SECEJ-JEMPP-CEDE4-DIPEL- 29.25
A41: BATALLÓN ESPECIAL, ENERGETICO Y VIAL N|°4 "BG JAIME POLANIA PUYO" | E41: 10 CSF | F41: OTROS SERVICIOS PROFESIONALES, CIENTÍFICOS Y TÉCNICOS (SERVICIOS DE ENSAYO Y ANALISIS TECNICOS ) | K41: BAEEV4 | L41: 1167645 | M41: =+'GRUPO UNO'!L320 -> 1023945 | N41: =L41-M41 -> 143700 | P41: 1167645 | Q41: =+P41-L41 -> 0
A42: BATALLÓN DE ARTILLERÍA No.4 " CR. JORGE EDUARDO SANCHEZ RODRIGUEZ" | K42: BAACA4 | L42: 2802348 | M42: =+'GRUPO UNO'!L334 -> 2457468 | N42: =L42-M42 -> 344880 | P42: 2802348 | Q42: =+P42-L42 -> 0
A43: BATALLÓN DE INFANTERÍA No.10 "CR. ATANASIO GIRARDOT" | K43: BIGIR | L43: 3969993 | M43: =+'GRUPO UNO'!L353 -> 3481413 | N43: =L43-M43 -> 488580 | P43: 3969993 | Q43: =+P43-L43 -> 0
A44: BATALLÓN DE INFANTERÍA No.32 "GR. PEDRO JUSTO BERRIO" | K44: BIPEB | L44: 2568819 | M44: =+'GRUPO UNO'!L366 -> 2252679 | N44: =L44-M44 -> 316140 | P44: =2568819+233529 -> 2802348 | Q44: =+P44-L44 -> 233529 | R44: Oficio R N° 2025452005102243
A45: BATALLÓN DE A.S.P.C. No.4 "YARIGUIES" | K45: BASPC-04 | L45: 1401174 | M45: =+'GRUPO UNO'!L374 -> 1228734 | N45: =L45-M45 -> 172440 | P45: 1401174 | Q45: =+P45-L45 -> 0
A46: GRUPO DE CABALLERÍA MECANIZADO No. 4 "JUAN DEL CORRAL" | K46: GMCOR | L46: 1634703 | M46: =+'GRUPO UNO'!L383 -> 1433523 | N46: =L46-M46 -> 201180 | P46: 1634703 | Q46: =+P46-L46 -> 0
A47: BATALLÓN DE INFANTERÍA No.3 "BATALLA DE BARBULA" | K47: BIBAR | L47: 1868232 | M47: =+'GRUPO DOS'!L70 -> 1638312 | N47: =L47-M47 -> 229920 | P47: 1868232 | Q47: =+P47-L47 -> 0
A48: BATALLÓN ESPECIAL, ENERGÉTICO Y VIAL No.8 "MY. MARIO SERPA CUESTO" | K48: BAEEV8 | L48: 3269406 | M48: =+'GRUPO UNO'!L399 -> 2867046 | N48: =L48-M48 -> 402360 | P48: 3269406 | Q48: =+P48-L48 -> 0
A49: TOTAL | L49: =SUM(L41:L48) -> 18682320 | M49: =SUM(M41:M48) -> 16383120 | N49: =SUM(N41:N48) -> 2299200 | P49: =SUM(P41:P48) -> 18915849 | Q49: =SUM(Q41:Q48) -> 233529 | R49: =+L49+Q49 -> 18915849
A51: TECNOMECANICA LINEA AMARILLA - BLANCA Plan Anual de Adquisiciones vigencia 2025
A52: BATALLÓN DE INGENIEROS DE DESMINADO HUMANITARIO N° 7 “CORONEL GABINO GUTIÉRREZ” | E52: 10 CSF | F52: OTROS SERVICIOS PROFESIONALES, CIENTÍFICOS Y TÉCNICOS (SERVICIOS DE ENSAYO Y ANALISIS TECNICOS ) | K52: BIDEH7 | L52: 3294800 | M52: =+'GRUPO UNO'!L410 -> 3063740 | N52: =L52-M52 -> 231060 | P52: 3294800 | Q52: =+L52-P52 -> 0
A53: BATALLÓN DE INGENIEROS No.4 " GR. PEDRO NEL OSPINA" (PAA2025) | K53: BIOSP | L53: 4730000 | M53: =+'GRUPO UNO'!L423 -> 4967713 | N53: =(L53+L54)-M53 -> 337163 | P53: 5160000 | Q53: =+P53-L53 -> 430000 | R53: Oficio R N° 2025454005981433
A54: BATALLÓN DE INGENIEROS No.4 " GR. PEDRO NEL OSPINA" (SOBRANTE PF2025) | L54: 574876 | P54: 5055990 | Q54: =+L55-P54 -> 0
A55: BATALLÓN DE INGENIEROS No.14 "BATALLA DE CALIBIO" | K55: BICAB | L55: 5055990 | M55: =+'GRUPO DOS'!L83 -> 4518830 | N55: =L55-M55 -> 537160 | P55: =SUM(P52:P54) -> 13510790 | Q55: =SUM(Q52:Q54) -> 430000 | R55: =+L56+430000 -> 13510790
A56: TOTAL | L56: =+L55+L52+L53 -> 13080790 | M56: =SUM(M52:M55) -> 12550283 | N56: =SUM(N52:N55) -> 1105383

Sheet PLAN CONSOLIDADO
A2: ARTICULO PRESUPUESTAL (SIIF NACIÓN) | D2: RECURSO | E2: DESCRIPCIÓN DEL RUBRO | J2: UNIDAD BENEFICIADA | K2: VALOR POR ARTÍCULO PRESUPUESTAL
A3: A-02-02-02-008-003 | D3: 10 CSF | E3: OTROS SERVICIOS PROFESIONALES, CIENTÍFICOS Y TÉCNICOS (SERVICIOS DE ENSAYO Y ANALISIS TECNICOS ) | J3: UNIDAD BENEFICIADA | L3: =+L32+L37+L48+L55 -> 149888804 | M3: =+M32+M37+M48+M55 -> 127354627 | N3: =+N32+N37+N48+N55 -> 22096855
A5: PARTIDAS FIJAS TECNOMECANICA TRANSPORTE
A6: BR | B6: NOMBRE UNIDAD | E6: REC | F6: DESCRIPCIÓN DEL RUBRO | K6: UNIDAD | L6: PRESUPUESTO ASIGNADO | M6: PRESUPUESTO ASIGNADO | N6: SOBRANTE PRESUPUESTAL | Q6: OAPF-2025 | R6: REDUCCION | S6: RADICADO
A7: CENTRALIZADAS BR 4 | B7: BATALLÓN ESPECIAL, ENERGETICO Y VIAL N|°4 "BG JAIME POLANIA PUYO" | E7: 10 CSF | F7: OTROS SERVICIOS PROFESIONALES, CIENTÍFICOS Y TÉCNICOS (SERVICIOS DE ENSAYO Y ANALISIS TECNICOS ) | K7: BAEEV4 | L7: 5903599 | M7: =+'GRUPO UNO'!L21 -> 5057256 | N7: =L7-M7 -> 846343 | Q7: 5903599 | R7: =+Q7-L7 -> 0
B8: BATALLÓN DE ARTILLERÍA No.4 " CR. JORGE EDUARDO SANCHEZ RODRIGUEZ" | K8: BAACA4 | L8: 8351553 | M8: =+'GRUPO UNO'!L43 -> 7099051 | N8: =L8-M8 -> 1252502 | Q8: 8887917 | R8: =+Q8-L8 -> 536364 | S8: Oficio R N° 2025451001548803
B9: BATALLÓN DE INFANTERÍA No.10 "CR. ATANASIO GIRARDOT" | K9: BIGIR | L9: 3896418 | M9: =+'GRUPO UNO'!L55 -> 3320803 | N9: =L9-M9 -> 575615 | Q9: 3896418 | R9: =+Q9-L9 -> 0
B10: BATALLÓN DE INGENIEROS No.4 " GR. PEDRO NEL OSPINA" | K10: BIOSP | L10: 3732195 | M10: =+'GRUPO UNO'!L65 -> 2719997 | N10: ES USADO LINEA BLANCA Y AMARILLA | O10: 237713 | P10: =N10-O10 -> #VALUE! | Q10: 3732195 | R10: =+Q10-L10 -> 0
B11: BATALLÓN DE INFANTERÍA No.32 "GR. PEDRO JUSTO BERRIO" | K11: BIPEB | L11: 3057556 | M11: =+'GRUPO UNO'!L77 -> 2636757 | N11: =L11-M11 -> 420799 | Q11: 3593920 | R11: =+Q11-L11 -> 536364 | S11: Oficio R N° 2025452005102243
B12: GRUPO DE ACCIÓN UNIFICADA PARA LA LIBERACIÓN PERSONAL RIONEGRO | K12: GGRIO | L12: 1401174 | M12: =+'GRUPO UNO'!L85 -> 1230534 | N12: =L12-M12 -> 170640 | Q12: 1401174 | R12: =+Q12-L12 -> 0
B13: GRUPO DE ACCIÓN UNIFICADA PARA LA LIBERACIÓN PERSONAL ANTIOQUIA | K13: GGANT | L13: 700250 | M13: =+'GRUPO UNO'!L89 -> 600336 | N13: =L13-M13 -> 99914 | Q13: 700250 | R13: =+Q13-L13 -> 0
B14: BATALLÓN DE INSTRUCCIÓN, ENTRENAMIENTO Y REENTRENAMIENTO No.4 “FRAY MARIANO GARNICA Y ORJUELA” | K14: BITER4 | L14: 1772978 | M14: =+'GRUPO UNO'!L95 -> 1504102 | N14: =L14-M14 -> 268876 | Q14: 1772978 | R14: =+Q14-L14 -> 0
B15: BATALLÓN DE A.S.P.C. No.4 "YARIGUIES" | K15: BASPC-04 | L15: 11710933 | M15: =+'GRUPO UNO'!L124 -> 9037605 | N15: =L15-M15 -> 2673328 | Q15: 15654304 | R15: =+Q15-L15 -> 3943371 | S15: Oficio R N° 2025644002836093
B16: BATALLÓN DE INFANTERÍA No.11 "CACIQUE NUTIBARA" | K16: BINUT | L16: 9523130 | M16: =+'GRUPO UNO'!L158 -> 7718813 | N16: =L16-M16 -> 1804317 | Q16: 14237068 | R16: =+Q16-L16 -> 4713938 | S16: Oficio R N° 2025488001519323 | T16: 3944045 | U16: =+T16-R16 -> -769893
B17: GRUPO DE CABALLERÍA MECANIZADO No. 4 "JUAN DEL CORRAL" | K17: GMCOR | L17: 5038789 | M17: =+'GRUPO UNO'!L172 -> 4280005 | N17: =L17-M17 -> 758784 | Q17: 5038789 | R17: =+Q17-L17 -> 0
A18: BR14 | B18: BATALLÓN ESPECIAL, ENERGÉTICO Y VIAL No.8 "MY. MARIO SERPA CUESTO" | K18: BAEEV8 | L18: 5950552 | M18: =+'GRUPO UNO'!L192 -> 4484132 | N18: =L18-M18 -> 1466420 | P18: =SUM(Q7:Q18) -> 72122711 | Q18: 7304099 | R18: =+Q18-L18 -> 1353547 | S18: Oficio R N° 0885
B19: BATALLÓN DE A.S.P.C. No.14 "CACIQUE PIPATON" | K19: BAS14 | L19: 8770647 | M19: =+'GRUPO DOS'!L31 -> 7423193 | N19: =L19-M19 -> 1347454 | Q19: 9890665 | R19: =+Q19-L19 -> 1120018 | S19: Oficio R N° 2025990002983703
B20: BATALLÓN DE INFANTERÍA No.3 "BATALLA DE BARBULA" | K20: BIBAR | L20: 3265474 | M20: =+'GRUPO DOS'!L10 -> 2763072 | N20: =L20-M20 -> 502402 | Q20: 5319608 | R20: =+Q20-L20 -> 2054134 | S20: Oficio R N° 2025992002805183
B21: BATALLÓN DE INFANTERÍA No.42 "BATALLA DE BOMBONÁ" | K21: BIBOM | L21: 3615599 | M21: =+'GRUPO DOS'!L53 -> 3063740 | N21: =L21-M21 -> 551859 | Q21: 3615599 | R21: =+Q21-L21 -> 0
B22: BATALLÓN DE INGENIEROS No.14 "BATALLA DE CALIBIO" | K22: BICAB | L22: 3966061 | M22: =+'GRUPO DOS'!L43 -> 2966961 | N22: =L22-M22 -> 999100 | Q22: 6625865 | R22: =+Q22-L22 -> 2659804 | S22: Oficio R N° 202553700024311
B23: BATALLÓN DE INSTRUCCIÓN, ENTRENAMIENTO Y REENTRENAMIENTO No.14 “JOSÉ ANTONIO CHAVARRÍA” | K23: BITER14 | L23: 1772978 | M23: =+'GRUPO DOS'!L59 -> 1503102 | N23: =L23-M23 -> 269876 | Q23: 1772978 | R23: =+Q23-L23 -> 0
A24: INDEPENDIENTES | B24: BATALLÓN DE INGENIEROS DE DESMINADO HUMANITARIO N° 7 “CORONEL GABINO GUTIÉRREZ” | K24: BIDEH7 | L24: 4807507 | M24: =+'GRUPO UNO'!L208 -> 4108335 | N24: =L24-M24 -> 699172 | Q24: 4807507 | R24: =+Q24-L24 -> 0
B25: BATALLÓN DE MOVILIDAD Y MANIOBRA DE AVIACIÓN No.7 “Teniente EDUARDO MORALES SAAVEDRA”. | K25: BMMA7 | L25: 2845706 | M25: =+'GRUPO UNO'!L219 -> 2407468 | N25: =L25-M25 -> 438238 | Q25: 2845706 | R25: =+Q25-L25 -> 0
B26: BATALLÓN DE APOYO DE ACCIÓN INTEGRAL Y DESARROLLO No. 7 | K26: BAAID7 | L26: 2495581 | M26: =+'GRUPO UNO'!L226 -> 2106200 | N26: =L26-M26 -> 389381 | Q26: 2495581 | R26: =+Q26-L26 -> 0
B27: BATALLÓN DE FUERZAS ESPECIALES URBANAS No. 7 | K27: BAFUR7 | L27: 14656499 | M27: =+'GRUPO UNO'!L274 -> 12623423 | N27: =L27-M27 -> 2033076 | Q27: 14656499 | R27: =+Q27-L27 -> 0
B28: ESTABLECIMIENTO PENITENCIARIO Y CARCELARIO EN EL BATALLÓN DE INGENIEROS No. 04 "Gn. PEDRO NEL OSPINA" | K28: EJEBE | L28: 1936864 | M28: =+'GRUPO UNO'!L281 -> 1652555 | N28: =L28-M28 -> 284309 | Q28: 1936864 | R28: =+Q28-L28 -> 0
B29: FUERZA DE DESPLIEGUE CONTRA AMENAZAS TRANSNACIONALES | K29: FUDAT | L29: 1586739 | M29: =+'GRUPO UNO'!L287 -> 1352087 | N29: =L29-M29 -> 234652 | Q29: 1586739 | R29: =+Q29-L29 -> 0
B30: ZONA 4 | K30: ZONA4 | L30: 700250 | M30: =+'GRUPO UNO'!L291 -> 600036 | N30: =L30-M30 -> 100214 | Q30: 700250 | R30: =+Q30-L30 -> 0
B31: GRUPO MARTE DIVISIONARIO N° 7 | K31: GMD07 | L31: 536364 | M31: =+'GRUPO UNO'!L211 -> 451683 | N31: =L31-M31 -> 84681 | P31: =SUM(Q24:Q31) -> 29565510 | Q31: 536364 | R31: =+Q31-L31 -> 0
A32: TOTAL | L32: =SUM(L7:L31) -> 111995396 | M32: =SUM(M7:M31) -> 92711246 | N32: =SUM(N7:N31) -> 18271952 | P32: =SUM(P18:P31) -> 101688221 | Q32: =SUM(Q7:Q31) -> 128912936 | R32: =+Q32-L32 -> 16917540 | S32: =+L32+R32 -> 128912936
P33: =SUM(Q19:Q23) -> 27224715 | Q33: BR14
A34: TECNOMECANICA TRANSPORTE Plan Anual de Adquisiciones vigencia 2025 | P34: =P32+P33 -> 128912936
A35: GRUPO DE ACCIÓN UNIFICADA PARA LA LIBERACIÓN PERSONAL ANTIOQUIA | E35: 10 CSF | F35: OTROS SERVICIOS PROFESIONALES, CIENTÍFICOS Y TÉCNICOS (SERVICIOS DE ENSAYO Y ANALISIS TECNICOS ) | K35: GGANT | L35: 2563398 | M35: =+'GRUPO UNO'!L312 -> 2403306 | N35: =L35-M35 -> 160092
A36: GRUPO DE ACCIÓN UNIFICADA PARA LA LIBERACIÓN PERSONAL RIONEGRO | K36: GGORI | L36: 3566900 | M36: =+'GRUPO UNO'!L303 -> 3306672 | N36: =L36-M36 -> 260228
A37: TOTAL………………………………… | L37: =+L36+L35 -> 6130298 | M37: =SUM(M35:M36) -> 5709978 | N37: =SUM(N35:N36) -> 420320 | S37: =+L37 -> 6130298
A39: RECURSOS OFICIO No Radicado N° 2025217000786553: MDN-COGFM-COEJC-SECEJ-JEMPP-CEDE4-DIPEL- 29.25
A40: BATALLÓN ESPECIAL, ENERGETICO Y VIAL N|°4 "BG JAIME POLANIA PUYO" | E40: 10 CSF | F40: OTROS SERVICIOS PROFESIONALES, CIENTÍFICOS Y TÉCNICOS (SERVICIOS DE ENSAYO Y ANALISIS TECNICOS ) | K40: BAEEV4 | L40: 1167645 | M40: =+'GRUPO UNO'!L320 -> 1023945 | N40: =L40-M40 -> 143700 | Q40: 1167645 | R40: =+Q40-L40 -> 0
A41: BATALLÓN DE ARTILLERÍA No.4 " CR. JORGE EDUARDO SANCHEZ RODRIGUEZ" | K41: BAACA4 | L41: 2802348 | M41: =+'GRUPO UNO'!L334 -> 2457468 | N41: =L41-M41 -> 344880 | Q41: 2802348 | R41: =+Q41-L41 -> 0
A42: BATALLÓN DE INFANTERÍA No.10 "CR. ATANASIO GIRARDOT" | K42: BIGIR | L42: 3969993 | M42: =+'GRUPO UNO'!L353 -> 3481413 | N42: =L42-M42 -> 488580 | Q42: 3969993 | R42: =+Q42-L42 -> 0
A43: BATALLÓN DE INFANTERÍA No.32 "GR. PEDRO JUSTO BERRIO" | K43: BIPEB | L43: 2568819 | M43: =+'GRUPO UNO'!L366 -> 2252679 | N43: =L43-M43 -> 316140 | Q43: =2568819+233529 -> 2802348 | R43: =+Q43-L43 -> 233529 | S43: Oficio R N° 2025452005102243
A44: BATALLÓN DE A.S.P.C. No.4 "YARIGUIES" | K44: BASPC-04 | L44: 1401174 | M44: =+'GRUPO UNO'!L374 -> 1228734 | N44: =L44-M44 -> 172440 | Q44: 1401174 | R44: =+Q44-L44 -> 0
A45: GRUPO DE CABALLERÍA MECANIZADO No. 4 "JUAN DEL CORRAL" | K45: GMCOR | L45: 1634703 | M45: =+'GRUPO UNO'!L383 -> 1433523 | N45: =L45-M45 -> 201180 | Q45: 1634703 | R45: =+Q45-L45 -> 0
A46: BATALLÓN DE INFANTERÍA No.3 "BATALLA DE BARBULA" | K46: BIBAR | L46: 1868232 | M46: =+'GRUPO DOS'!L70 -> 1638312 | N46: =L46-M46 -> 229920 | Q46: 1868232 | R46: =+Q46-L46 -> 0
A47: BATALLÓN ESPECIAL, ENERGÉTICO Y VIAL No.8 "MY. MARIO SERPA CUESTO" | K47: BAEEV8 | L47: 3269406 | M47: =+'GRUPO UNO'!L399 -> 2867046 | N47: =L47-M47 -> 402360 | Q47: 3269406 | R47: =+Q47-L47 -> 0
A48: TOTAL………………………………… | L48: =SUM(L40:L47) -> 18682320 | M48: =SUM(M40:M47) -> 16383120 | N48: =SUM(N40:N47) -> 2299200 | P48: =Q40+Q41+Q42+Q43+Q44+Q45+Q47 -> 17047617 | Q48: =SUM(Q40:Q47) -> 18915849 | R48: =SUM(R40:R47) -> 233529 | S48: =+L48+R48 -> 18915849
A50: TECNOMECANICA LINEA AMARILLA - BLANCA Plan Anual de Adquisiciones vigencia 2025
A51: BATALLÓN DE INGENIEROS DE DESMINADO HUMANITARIO N° 7 “CORONEL GABINO GUTIÉRREZ” | E51: 10 CSF | F51: OTROS SERVICIOS PROFESIONALES, CIENTÍFICOS Y TÉCNICOS (SERVICIOS DE ENSAYO Y ANALISIS TECNICOS ) | K51: BIDEH7 | L51: 3294800 | M51: =+'GRUPO UNO'!L410 -> 3063740 | N51: =L51-M51 -> 231060 | Q51: 3294800 | R51: =+L51-Q51 -> 0
A52: BATALLÓN DE INGENIEROS No.4 " GR. PEDRO NEL OSPINA" (PAA2025) | K52: BIOSP | L52: 4730000 | M52: =+'GRUPO UNO'!L423 -> 4967713 | N52: =(L52+L53)-M52 -> 337163 | P52: =SUM(Q51:Q52) -> 8454800 | Q52: 5160000 | R52: =+Q52-L52 -> 430000 | S52: Oficio R N° 2025454005981433
A53: BATALLÓN DE INGENIEROS No.4 " GR. PEDRO NEL OSPINA" (SOBRANTE PF2025) | L53: 574876 | Q53: 5055990 | R53: =+L54-Q53 -> 0
A54: BATALLÓN DE INGENIEROS No.14 "BATALLA DE CALIBIO" | K54: BICAB | L54: 5055990 | M54: =+'GRUPO DOS'!L83 -> 4518830 | N54: =L54-M54 -> 537160 | Q54: =SUM(Q51:Q53) -> 13510790 | R54: =SUM(R51:R53) -> 430000 | S54: =+L55+430000 -> 13510790
A55: TOTAL………………………………… | L55: =+L54+L51+L52 -> 13080790 | M55: =SUM(M51:M54) -> 12550283 | N55: =SUM(N51:N54) -> 1105383
P57: =P52+P48+P32+S37 -> 133320936 | Q57: =+L32+L37+L48+L55 -> 149888804 | R57: =+R32+R48+R54 -> 17581069 | S57: =+S32+S37+S48+S54 -> 167469873 | T57: ASIGNADO
P58: =Q53+P33+Q46 -> 34148937 | S58: 167469873
P59: =SUM(P57:P58) -> 167469873 | Q59: =+S58-Q57 -> 17581069
